Workbook

Sheet ТитульныйНаБумаге
U1: Приложение № 1.1
U2: к приказу Минэнерго России
U3: от «24» марта 2010 г. № 114
B6: Утверждаю: | R6: Согласовано:
B7: Начальник Департамента топливно-энергетического комплекса | R7: Председатель региональной энергетической комиссии
B8: Вологодской области | R8: Вологодской области
B10: "______"__________________2014 г. | R10: "______"__________________2014 г.
B12: ______________________А.Е.Стрижов | R12: ______________________В.В. Тушинов
A16: Перечень инвестиционных проектов инвестиционной программы и план их финансирования по МУП Грязовецкая ЭТС на 2015 -2019 г *
A18: №№ | B18: Наименование объекта | C18: Стадия реализации проекта | D18: Проектная мощность/ протяженность сетей | E18: год начала сроительства | F18: год окончания строительства | G18: Полная стоимость строительства ** | H18: Остаточная стоимость строительства ** | I18: План финансирования текущего года | J18: Ввод мощностей | P18: Объем финансирования | V18: Источники финансирования
J19: План 2015 года | K19: План 2016 года | L19: План 2017 года | M19: План 2018 года | N19: План 2019 года | O19: Итого | P19: План 2015 года | Q19: План 2016 года | R19: План 2017 года | S19: План 2018 года | T19: План 2019 года | U19: Итого | V19: за счет прибыли | W19: за счет амортизации
C20: С/П* | D20: МВт/Гкал/ч/км/МВА | G20: млн.руб. | H20: млн.руб. | I20: млн.руб. | J20: МВт/Гкал/ч/км/МВА | K20: МВт/Гкал/ч/км/МВА | L20: МВт/Гкал/ч/км/МВА | M20: МВт/Гкал/ч/км/МВА | N20: МВт/Гкал/ч/км/МВА | O20: МВт/Гкал/ч/км/МВА | P20: млн.руб. | Q20: млн.руб. | R20: млн.руб. | S20: млн.руб. | T20: млн.руб. | U20: млн.руб. | V20: млн.руб. | W20: млн.руб.
B21: ВСЕГО, | G21: =G22+G34 -> 3.610484 | P21: =P22+P34 -> 1.14284 | Q21: =Q22+Q34 -> 0.968743 | R21: =R22+R34 -> 0.429002 | S21: =S22+S34 -> 0.608397 | T21: =T22+T34 -> 0.461502 | U21: =U22+U34 -> 3.610484 | V21: =V22+V34 -> 0 | W21: =W22+W34 -> 3.610484
A22: 1 | B22: Техническое перевооружение и реконструкция | G22: =G23 -> 3.111689 | P22: =P23 -> 0.644045 | Q22: =Q23 -> 0.968743 | R22: =R23 -> 0.429002 | S22: =S23 -> 0.608397 | T22: =T23 -> 0.461502 | U22: =U23 -> 3.111689 | V22: =V23 -> 0 | W22: =W23 -> 3.111689
A23: 1.1. | B23: Энергосбережение и повышение энергетической эффективности | G23: =SUM(G24:G33) -> 3.111689 | P23: =SUM(P24:P33) -> 0.644045 | Q23: =SUM(Q24:Q33) -> 0.968743 | R23: =SUM(R24:R33) -> 0.429002 | S23: =SUM(S24:S33) -> 0.608397 | T23: =SUM(T24:T33) -> 0.461502 | U23: =SUM(U24:U33) -> 3.111689 | V23: =SUM(V24:V33) -> 0 | W23: =SUM(W24:W33) -> 3.111689
A24: 1 | B24: Замена ВЛ - 0,4 кВ с ТП- 10 по ул.Володарского с переключением части потребителей на ТП-28 | C24: С | D24: 0.91 | E24: 2016 | F24: 2016 | G24: 0.968743 | K24: 0.91 | O24: =SUM(J24:N24) -> 0.91 | Q24: 0.968743 | U24: =SUM(P24:T24) -> 0.968743 | W24: 0.968743
A25: 2 | B25: Замена перехода через дорогу ул.Ленина ВЛ - 10 кВ ф.Онега | C25: С | D25: 0.07 | E25: 2017 | F25: 2017 | G25: 0.145383 | L25: 0.07 | O25: =SUM(J25:N25) -> 0.07 | R25: 0.145383 | U25: =SUM(P25:T25) -> 0.145383 | W25: 0.145383
A26: 3 | B26: Замена ВЛ - 0,4 кВ с ТП- 35 выход "Дома МКСО" | C26: С | D26: 0.26 | E26: 2017 | F26: 2017 | G26: 0.283619 | L26: 0.26 | O26: =SUM(J26:N26) -> 0.26 | R26: 0.283619 | U26: =SUM(P26:T26) -> 0.283619 | W26: 0.283619
A27: 4 | B27: Замена ВЛ - 0,4 кВ с ТП 7 выход "Ленина (часть линии) | C27: С | D27: 0.29 | E27: 2018 | F27: 2018 | G27: 0.407687 | M27: 0.29 | O27: =SUM(J27:N27) -> 0.29 | S27: 0.407687 | U27: =SUM(P27:T27) -> 0.407687 | W27: 0.407687
A28: 5 | B28: Замена ВЛ - 10 кВ ф.Онега переход через железную дорогу | C28: С | D28: 0.07 | E28: 2018 | F28: 2018 | G28: 0.20071 | M28: 0.07 | O28: 0.07 | S28: 0.20071 | U28: =SUM(P28:T28) -> 0.20071 | W28: 0.20071
A29: 6 | B29: Замена проводов от оп.№30 до оп. № 38 ВЛ - 10 кВ ф.Город2 | C29: С | D29: 0.6 | E29: 2019 | F29: 2019 | G29: 0.300352 | N29: 0.6 | O29: =SUM(J29:N29) -> 0.6 | T29: 0.300352 | U29: 0.300352 | W29: 0.300352
A30: 7 | B30: Замена проводов от оп.№ 39 до оп.№105 по ул.Комсомольская ВЛ - 10 кВ ф.Город 2 | C30: С | D30: 0.3 | E30: 2019 | F30: 2019 | G30: 0.16115 | N30: 0.3 | O30: =SUM(J30:N30) -> 0.3 | T30: 0.16115 | U30: 0.16115 | W30: 0.16115
A31: 8 | B31: Замена ВЛ - 0,4 кВ с ТП -55 ул.Горького - Беляева | C31: С | D31: 0.616 | E31: 2015 | F31: 2015 | G31: 0.378408 | J31: 0.616 | O31: 0.616 | P31: 0.378408 | U31: 0.378408 | W31: 0.378408
A32: 9 | B32: Замена ВЛ - 0,4 кВ на городской водозабор | C32: С | D32: 1 | E32: 2015 | F32: 2015 | G32: 0.265637 | J32: 1 | O32: 1 | P32: 0.265637 | U32: 0.265637 | W32: 0.265637
A34: 2. | B34: Новое строительство | G34: =G35+G38 -> 0.498795 | P34: =P38 -> 0.498795 | Q34: =Q38 -> 0 | R34: =R38 -> 0 | S34: =S38 -> 0 | T34: =T38 -> 0 | U34: =U38 -> 0.498795 | V34: =V38 -> 0 | W34: =W38 -> 0.498795
A35: 2.1. | B35: Энергосбережение и повышение энергетической эффективности | G35: =SUM(G36:G36) -> 0
A36: 1 | B36: Объект 1
A37: …
A38: 2.2. | B38: Прочее новое строительство | G38: =SUM(G39:G41) -> 0.498795 | P38: =SUM(P39:P41) -> 0.498795 | Q38: =SUM(Q39:Q41) -> 0 | R38: =SUM(R39:R41) -> 0 | S38: =SUM(S39:S41) -> 0 | T38: =SUM(T39:T41) -> 0 | U38: =SUM(U39:U41) -> 0.498795 | V38: =SUM(V39:V41) -> 0 | W38: =SUM(W39:W41) -> 0.498795
A39: 1 | B39: Монтаж оборудования в ТП - 57 (монтаж резервно го питания с ТП 57 на котельную №3) | C39: С | D39: 0 | E39: 2015 | F39: 2015 | G39: 0.200666 | J39: 0 | O39: =SUM(J39:L39) -> 0 | P39: 0.200666 | U39: =SUM(P39:T39) -> 0.200666 | W39: 0.200666
A40: 2 | B40: Монтаж резервного питания на котельную №3 с ТП 57. Прокладка КЛ-0,4 кВ с ТП57 до котельной №3 | C40: С | D40: 0.12 | E40: 2015 | F40: 2015 | G40: 0.298129 | J40: 0.12 | O40: =SUM(J40:L40) -> 0.12 | P40: 0.298129 | U40: =SUM(P40:T40) -> 0.298129 | W40: 0.298129
B42: * - цены указаны без НДС (выполнение планируется хозспособом)
D45: Директор МУП Грязовецкая ЭТС | H45: С.Г.Шалашов

Sheet приложение 1.1
U1: Приложение № 1.1
U2: к приказу Минэнерго России
U3: от «24» марта 2010 г. № 114
A5: Перечень инвестиционных проектов на период реализации инвестиционной программы и план их финансирования по МУП Грязовецкая ЭТС на 2015-2019 годы
U7: Утверждаю
U8: Директор МУП Грязовецкая ЭТС
U10: С.Г.Шалашов
U11: 6 ноября 2014 года
U12: М.П.
A14: №№ | B14: Наименование объекта | C14: Стадия реализации проекта | D14: Проектная мощность/ протяженность сетей | E14: год начала сроительства | F14: год окончания строительства | G14: Полная стоимость строительства ** | H14: Остаточная стоимость строительства ** | I14: План финансирования текущего года | J14: Ввод мощностей | P14: Объем финансирования****
J15: План 2015 года | K15: План 2016 года | L15: План 2017 года | M15: План 2018 года | N15: План 2019 года | O15: Итого | P15: План 2015 года | Q15: План 2016 года | R15: План 2017 года | S15: План 2018 года | T15: План 2019 года | U15: Итого
C16: С/П* | D16: МВт/Гкал/ч/км/МВА | G16: млн.руб. | H16: млн.руб. | I16: млн.руб. | J16: МВт/Гкал/ч/км/МВА | K16: МВт/Гкал/ч/км/МВА | L16: МВт/Гкал/ч/км/МВА | M16: МВт/Гкал/ч/км/МВА | N16: МВт/Гкал/ч/км/МВА | O16: МВт/Гкал/ч/км/МВА | P16: млн.руб. | Q16: млн.руб. | R16: млн.руб. | S16: млн.руб. | T16: млн.руб. | U16: млн.руб.
B17: ВСЕГО, | G17: =G18+G39 -> 3.610484 | I17: =I18+I39 -> 0 | P17: =P18+P39 -> 1.14284 | Q17: =Q18+Q39 -> 0.968743 | R17: =R18+R39 -> 0.429002 | S17: =S18+S39 -> 0.608397 | T17: =T18+T39 -> 0.461502 | U17: =U18+U39 -> 3.610484
A18: 1 | B18: Техническое перевооружение и реконструкция | G18: =G19 -> 3.111689 | I18: =I19 -> 0 | P18: =P19 -> 0.644045 | Q18: =Q19 -> 0.968743 | R18: =R19 -> 0.429002 | S18: =S19 -> 0.608397 | T18: =T19 -> 0.461502 | U18: =U19 -> 3.111689
A19: 1.1. | B19: Энергосбережение и повышение энергетической эффективности | G19: =SUM(G20:G29) -> 3.111689 | I19: =SUM(I20:I29) -> 0 | P19: =SUM(P20:P29) -> 0.644045 | Q19: =SUM(Q20:Q29) -> 0.968743 | R19: =SUM(R20:R29) -> 0.429002 | S19: =SUM(S20:S29) -> 0.608397 | T19: =SUM(T20:T29) -> 0.461502 | U19: =SUM(U20:U29) -> 3.111689
A20: 1 | B20: Замена ВЛ - 0,4 кВ с ТП- 10 по ул.Володарского с переключением части потребителей на ТП-28 | C20: С | D20: 0.91 | E20: 2016 | F20: 2016 | G20: 0.968743 | K20: 0.91 | O20: =SUM(J20:N20) -> 0.91 | Q20: 0.968743 | U20: =SUM(P20:T20) -> 0.968743
A21: 2 | B21: Замена перехода через дорогу ул.Ленина ВЛ - 10 кВ ф.Онега | C21: С | D21: 0.07 | E21: 2017 | F21: 2017 | G21: 0.145383 | L21: 0.07 | O21: =SUM(J21:N21) -> 0.07 | R21: 0.145383 | U21: =SUM(P21:T21) -> 0.145383
A22: 3 | B22: Замена ВЛ - 0,4 кВ с ТП- 35 выход "Дома МКСО" | C22: С | D22: 0.26 | E22: 2017 | F22: 2017 | G22: 0.283619 | L22: 0.26 | O22: =SUM(J22:N22) -> 0.26 | R22: 0.283619 | U22: =SUM(P22:T22) -> 0.283619
A23: 4 | B23: Замена ВЛ - 0,4 кВ с ТП 7 выход "Ленина (часть линии) | C23: С | D23: 0.29 | E23: 2018 | F23: 2018 | G23: 0.407687 | M23: 0.29 | O23: =SUM(J23:N23) -> 0.29 | S23: 0.407687 | U23: =SUM(P23:T23) -> 0.407687
A24: 5 | B24: Замена ВЛ - 10 кВ ф.Онега переход через железную дорогу | C24: С | D24: 0.07 | E24: 2018 | F24: 2018 | G24: 0.20071 | M24: 0.07 | O24: 0.07 | S24: 0.20071 | U24: =SUM(P24:T24) -> 0.20071
A25: 6 | B25: Замена проводов от оп.№30 до оп. № 38 ВЛ - 10 кВ ф.Город2 | C25: С | D25: 0.6 | E25: 2019 | F25: 2019 | G25: 0.300352 | N25: 0.6 | O25: =SUM(J25:N25) -> 0.6 | T25: 0.300352 | U25: =SUM(P25:T25) -> 0.300352
A26: 7 | B26: Замена проводов от оп.№ 39 до оп.№105 по ул.Комсомольская ВЛ - 10 кВ ф.Город 2 | C26: С | D26: 0.3 | E26: 2019 | F26: 2019 | G26: 0.16115 | N26: 0.3 | O26: =SUM(J26:N26) -> 0.3 | T26: 0.16115 | U26: =SUM(P26:T26) -> 0.16115
A27: 8 | B27: Замена ВЛ - 0,4 кВ с ТП -55 ул.Горького - Беляева | C27: С | D27: 0.616 | E27: 2015 | F27: 2015 | G27: 0.378408 | J27: 0.616 | P27: 0.378408 | U27: =SUM(P27:T27) -> 0.378408
A28: 9 | B28: Замена ВЛ - 0,4 кВ на городской водозабор | C28: С | D28: 1 | E28: 2015 | F28: 2015 | G28: 0.265637 | J28: 1 | P28: 0.265637 | U28: =SUM(P28:T28) -> 0.265637
A30: 1.2. | B30: Создание систем противоаварийной и режимной автоматики
A31: 1 | B31: Объект 1
A32: …
A33: 1.3. | B33: Создание систем телемеханики и связи
A34: 1 | B34: Объект 1
A35: …
A36: 1.4. | B36: Установка устройств регулирования напряжения и компенсации реактивной мощности
A37: 1 | B37: Объект 1
A38: …
A39: 2. | B39: Новое строительство | G39: =G40+G43 -> 0.498795 | I39: =I40+I43 -> 0 | P39: =P40+P43 -> 0.498795 | Q39: =Q40+Q43 -> 0 | R39: =R40+R43 -> 0 | S39: =S40+S43 -> 0 | T39: =T40+T43 -> 0 | U39: =U40+U43 -> 0.498795
A40: 2.1. | B40: Энергосбережение и повышение энергетической эффективности
A41: 1 | B41: Объект 1
A42: …
A43: 2.2. | B43: Прочее новое строительство | G43: =SUM(G44:G47) -> 0.498795 | I43: =SUM(I44:I47) -> 0 | P43: =SUM(P44:P47) -> 0.498795 | Q43: =SUM(Q44:Q47) -> 0 | R43: =SUM(R44:R47) -> 0 | S43: =SUM(S44:S47) -> 0 | T43: =SUM(T44:T47) -> 0 | U43: =SUM(U44:U47) -> 0.498795
A44: 1 | B44: Монтаж оборудования в ТП - 57 (монтаж резервно го питания с ТП 57 на котельную №3) | C44: С | D44: 0 | E44: 2015 | F44: 2015 | G44: 0.200666 | J44: 0 | O44: =SUM(J44:L44) -> 0 | P44: 0.200666 | U44: =SUM(P44:T44) -> 0.200666
A45: 2 | B45: Монтаж резервного питания на котельную №3 с ТП 57. Прокладка КЛ-0,4 кВ с ТП57 до котельной №3 | C45: С | D45: 0.12 | E45: 2015 | F45: 2015 | G45: 0.298129 | J45: 0.12 | O45: =SUM(J45:L45) -> 0.12 | P45: 0.298129 | U45: =SUM(P45:T45) -> 0.298129
A47: …
A48: Справочно:
B49: Оплата процентов за привлеченные кредитные ресурсы
A50: 1 | B50: Объект 1
A51: …
B52: * С - строительство, П- проектирование
B53: ** - согласно проектной документации в текущих ценах (без НДС)
B54: *** - для сетевых организаций, переодящих на метод тарифного регулирования RAB, горизонт планирования может быть больше
B55: **** - в прогнозных ценах соответствующего года
B56: Примечание: для сетевых объектов с разделением объектов на ПС, ВЛ и КЛ

Sheet приложение 1.2.
AI1: Приложение № 1.2
AI2: к приказу Минэнерго России
AI3: от «24» марта 2010 г. № 114
A5: Стоимость основных этапов работ по реализации инвестиционной программы компании на 2015 -2019 гг по МУП Грязовецкая ЭТС
AI7: Утверждаю
AI8: Директор МУП Грязовецкая ЭТС
AI10: С.Г.Шалашов
AI11: 6 ноября 2014 года
AI12: М.П.
A13: №№ | B13: Наименование объекта* | C13: Технические характеристики объектов | Q13: Плановый объем финансирования, млн. руб.** | V13: Технические характеристики объектов
C14: Генерирующие объекты | G14: Подстанции | K14: Линии электропередачи | P14: Иные объекты | V14: Генерирующие объекты | Z14: Подстанции | AD14: Линии электропередачи | AI14: Иные объекты
B15: ВСЕГО, | C15: год ввода в эксплуатацию | D15: Нормативный срок службы, лет | E15: мощность, МВт | F15: тепловая энергия, Гкал/час | G15: год ввода в эксплуатацию | H15: Нормативный срок службы, лет | I15: Количество и марка силовых трансформаторов, шт | J15: Мощность, МВА | K15: год ввода в эксплуа-тацию | L15: Нормативный срок службы, лет | M15: Тип опор | N15: Марка кабеля | O15: протяженность, км | Q15: Всего | R15: ПИР | S15: СМР | T15: оборудование и материалы | U15: прочие | V15: год ввода в эксплуатацию | W15: Нормативный срок службы, лет | X15: мощность, МВт | Y15: тепловая энергия, Гкал/час | Z15: год ввода в эксплуатацию | AA15: Нормативный срок службы, лет | AB15: Количество и марка силовых трансформаторов, шт | AC15: Мощность, МВА | AD15: год ввода в эксплуа-тацию | AE15: Нормативный срок службы, лет | AF15: Тип опор | AG15: Марка кабеля | AH15: протяженность, км
B16: ВСЕГО, | Q16: =Q17+Q38 -> 3.610484 | S16: =S17+S38 -> 3.559992 | T16: =T17+T38 -> 0.050492 | U16: =U17+U38 -> 0
A17: 1 | B17: Техническое перевооружение и реконструкция | Q17: =Q18 -> 3.111689 | S17: =S18 -> 3.111689 | T17: =T18 -> 0 | U17: =U18 -> 0
A18: 1.1. | B18: Энергосбережение и повышение энергетической эффективности | Q18: =SUM(Q19:Q28) -> 3.111689 | S18: =SUM(S19:S28) -> 3.111689 | T18: =SUM(T19:T28) -> 0 | U18: =SUM(U19:U28) -> 0
A19: 1 | B19: Замена ВЛ - 0,4 кВ с ТП- 10 по ул.Володарского с переключением части потребителей на ТП-28 | K19: 2016 | L19: 15 | M19: дер. пропит | N19: СИП 3х50+1х50, СИП 4х16 | O19: 0.91 | Q19: 0.968743 | S19: 0.968743 | AD19: 2016 | AE19: 15 | AF19: дер. пропит | AG19: СИП 3х50+1х50, СИП 4х16 | AH19: 0.91
A20: 2 | B20: Замена перехода через дорогу ул.Ленина ВЛ - 10 кВ ф.Онега | K20: 2017 | L20: 30 | M20: ж/б | N20: СИП3 1х70 | O20: 0.07 | Q20: 0.145383 | S20: 0.145383 | AD20: 2017 | AE20: 30 | AF20: ж/б | AG20: СИП3 1х70 | AH20: 0.07
A21: 3 | B21: Замена ВЛ - 0,4 кВ с ТП- 35 выход "Дома МКСО" | K21: 2017 | L21: 15 | M21: дер. пропит | N21: СИП 3х50+1х50 | O21: 0.26 | Q21: 0.283619 | S21: 0.283619 | AD21: 2017 | AE21: 15 | AF21: дер. пропит | AG21: СИП 3х50+1х50 | AH21: 0.26
A22: 4 | B22: Замена ВЛ - 0,4 кВ с ТП 7 выход "Ленина" (часть линии) | K22: 2018 | L22: 20 | M22: ж/б | N22: СИП 3х50+1х50 | O22: 0.29 | Q22: 0.407687 | S22: 0.407687 | AD22: 2018 | AE22: 20 | AF22: ж/б | AG22: СИП 3х50+1х50 | AH22: 0.29
A23: 5 | B23: Замена ВЛ - 10 кВ ф.Онега переход через железную дорогу | K23: 2018 | L23: 30 | M23: ж/б | N23: СИП3 1х70 | O23: 0.07 | Q23: 0.20071 | S23: 0.20071 | AD23: 2018 | AE23: 30 | AF23: ж/б | AG23: СИП3 1х70 | AH23: 0.07
A24: 6 | B24: Замена проводов от оп.№30 до оп. № 38 ВЛ - 10 кВ ф.Город2 | K24: 2019 | L24: 30 | M24: ж/б (только провода) | N24: СИП3 1х70 | O24: 0.6 | Q24: 0.300352 | S24: 0.300352 | AD24: 2019 | AE24: 30 | AF24: ж/б (только провода) | AG24: СИП3 1х70 | AH24: 0.6
A25: 7 | B25: Замена проводов от оп.№ 39 до оп.№105 по ул.Комсомольская ВЛ - 10 кВ ф.Город 2 | K25: 2019 | L25: 30 | M25: ж/б (только провода) | N25: СИП3 1х70 | O25: 0.3 | Q25: 0.16115 | S25: 0.16115 | AD25: 2019 | AE25: 30 | AF25: ж/б (только провода) | AG25: СИП3 1х70 | AH25: 0.3
A26: 8 | B26: Замена ВЛ - 0,4 кВ с ТП -55 ул.Горького - Беляева | K26: 2015 | L26: 15 | M26: дер. пропит | N26: А-50 | O26: 0.616 | Q26: 0.378408 | S26: 0.378408 | AD26: 2015 | AE26: 15 | AF26: дер. пропит | AG26: А-50 | AH26: 0.616
A27: 9 | B27: Замена ВЛ - 0,4 кВ на городской водозабор | K27: 2015 | L27: 20 | M27: ж/б | N27: СИП 4*25 | O27: 1 | Q27: 0.265637 | S27: 0.265637 | AD27: 2015 | AE27: 20 | AF27: ж/б | AG27: СИП 4*25 | AH27: 1
A29: 1.2. | B29: Создание систем противоаварийной и режимной автоматики
A30: 1 | B30: Объект 1
A31: …
A32: 1.3. | B32: Создание систем телемеханики и связи
A33: 1 | B33: Объект 1
A34: …
A35: 1.4. | B35: Установка устройств регулирования напряжения и компенсации реактивной мощности
A36: 1 | B36: Объект 1
A37: …
A38: 2. | B38: Новое строительство | Q38: =Q39+Q42 -> 0.498795 | S38: =S39+S42 -> 0.448303 | T38: =T39+T42 -> 0.050492 | U38: =U39+U42 -> 0
A39: 2.1. | B39: Энергосбережение и повышение энергетической эффективности
A40: 1 | B40: Объект 1
A41: …
A42: 2.2. | B42: Прочее новое строительство | Q42: =SUM(Q43:Q46) -> 0.498795 | S42: =SUM(S43:S46) -> 0.448303 | T42: =SUM(T43:T46) -> 0.050492 | U42: =SUM(U43:U46) -> 0
A43: 1 | B43: Монтаж оборудования в ТП - 57 (монтаж резервного питания с ТП 57 на котельную №3) | P43: 2015 панель ЩО 70 | Q43: 0.200666 | S43: 0.150174 | T43: 0.050492 | AI43: 2015 панель ЩО 70
A44: 2 | B44: Монтаж резервного питания на котельную №3 с ТП 57. Прокладка КЛ-0,4 кВ с ТП57 до котельной №3 | K44: 2015 | L44: 25 | N44: АВВГ 4х150 | O44: 0.12 | Q44: 0.298129 | S44: 0.298129 | AD44: 2015 | AE44: 25 | AG44: АВВГ 4х150 | AH44: 0.12
A46: …
A47: Справочно:
B48: Оплата процентов за привлеченные кредитные ресурсы
A49: 1 | B49: Объект 1
A50: …
B51: * - с разделением объектов на ПС, ВЛ и КЛ с указанием уровня напряжения
B52: ** - согласно проектно-сметной документации с учетом перевода в прогнозные цены планируемого периода ( без НДС)

Sheet приложение 1.3
E2: Приложение № 1.3
E3: к приказу Минэнерго России
E4: от «24» марта 2010 г. № 114
E6: Утверждаю
E7: Директор МУП Грязовецкая ЭТС
E9: С.Г.Шалашов
E10: 6 ноября 2014
V11: М.П.
A13: Прогноз ввода/вывода объектов по МУП Грязовекая ЭТС на 2015-2019 г
A15: Наименование инвестиционного проекта__________________________________
A17: № п/п | B17: Наименование проекта | C17: Ввод мощностей | M17: Вывод мощностей
C18: МВт, Гкал/час, км, МВА | M18: МВт, Гкал/час, км, МВА
C19: 2015 г. | E19: 2016 г. | G19: 2017 г. | I19: 2018 г. | K19: 2019 г. | M19: 2015 г. | O19: 2016 г. | Q19: 2017 г. | S19: 2018 г. | U19: 2019 г.
A20: 1 | B20: 2 | C20: 3 | E20: 4 | G20: 5 | I20: 6 | K20: 7 | M20: 8 | O20: 9 | Q20: 10 | S20: 11 | U20: 12
A21: 1 | B21: Замена ВЛ - 0,4 кВ с ТП- 10 по ул.Володарского с переключением части потребителей на ТП-28 | E21: 0.91 | O21: 0.91
A22: 2 | B22: Замена перехода через дорогу ул.Ленина ВЛ - 10 кВ ф.Онега | G22: 0.07 | Q22: 0.07
A23: 3 | B23: Замена ВЛ - 0,4 кВ с ТП- 35 выход "Дома МКСО" | G23: 0.26 | Q23: 0.26
A24: 4 | B24: Замена ВЛ - 0,4 кВ с ТП 7 выход "Ленина (часть линии) | I24: 0.29 | S24: 0.29
A25: 5 | B25: Замена ВЛ - 10 кВ ф.Онега переход через железную дорогу | I25: 0.07 | S25: 0.07
A26: 6 | B26: Замена проводов от оп.№30 до оп. № 38 ВЛ - 10 кВ ф.Город2 | K26: 0.6 | U26: 0.6
A27: 7 | B27: Замена проводов от оп.№ 39 до оп.№105 по ул.Комсомольская ВЛ - 10 кВ ф.Город 2 | K27: 0.3 | U27: 0.3
A28: 8 | B28: Замена ВЛ - 0,4 кВ с ТП -55 ул.Горького - Беляева | C28: 0.616 | M28: 0.616
A29: 9 | B29: Замена ВЛ - 0,4 кВ на городской водозабор | C29: 1 | M29: 1
A30: 10 | B30: Монтаж оборудования в ТП - 57 (монтаж резервного питания с ТП 57 на котельную №3)
A31: 11 | B31: Монтаж резервного питания на котельную №3 с ТП 57. Прокладка КЛ-0,4 кВ с ТП57 до котельной №3 | C31: 0.12

Sheet приложение 1.4
U2: Приложение № 1.4
U3: к приказу Минэнерго России
U4: от «___»________2010 г. №____
A7: Рекомендуемая форма представления предложений о внесении изменений в перечень инвестиционных проектов, входящих в состав инвестиционной программы, млн. рублей с НДС
U9: Утверждаю
U10: руководитель организации
U12: (подпись)
U13: «___»________ 20__ года
U14: М.П.
A16: №№ | B16: Наименование объекта | C16: Остаток стоимости на начало года ** | D16: Объем финансирования [отчетный год] | N16: Осталось профинансировать по результатам отчетного периода ** | O16: Объем корректировки **** | S16: Объем ввода мощностей | U16: Причины корректировки
D17: всего | F17: 1 кв | H17: 2 кв | J17: 3 кв | L17: 4 кв | O17: млн.рублей | P17: % | Q17: в том числе за счет | S17: МВт, Гкал/час, км, МВА
D18: план*** | E18: скорректированный объем**** | F18: план | G18: скорректированный объем | H18: план | I18: скорректированный объем | J18: план | K18: скорректированный объем | L18: план | M18: скорректированный объем | Q18: уточнения стоимости по результатам утвержденной ПСД | R18: уточнения стоимости по результатм закупочных процедур | S18: план *** | T18: скорр ектирова нный объем
B19: ВСЕГО,
A20: 1. | B20: Техническое перевооружение и реконструкция
A21: 1.1. | B21: Энергосбережение и повышение энергетической эффективности
A22: 1 | B22: Объект 1
A23: 2 | B23: Объект 2
A24: …
A25: 1.2. | B25: Создание систем противоаварийной и режимной автоматики
A26: 1 | B26: Объект 1
A27: 2 | B27: Объект 2
A28: …
A29: 1.3. | B29: Создание систем телемеханики и связи
A30: 1 | B30: Объект 1
A31: 2 | B31: Объект 2
A32: …
A33: 1.4. | B33: Установка устройств регулирования напряжения и компенсации реактивной мощности
A34: 1 | B34: Объект 1
A35: 2 | B35: Объект 2
A36: …
A37: 2. | B37: Новое строительство
A38: 2.1. | B38: Энергосбережение и повышение энергетической эффективности
A39: 1 | B39: Объект 1
A40: 2 | B40: Объект 2
A41: …
A42: 2.2. | B42: Прочее новое строительство
A43: 1 | B43: Объект 1
B44: в том числе ПТП
A45: 2 | B45: Объект 2
B46: в том числе ПТП
A47: …
A48: Справочно:
B49: Оплата процентов за привлеченные кредитные ресурсы
A50: 1 | B50: Объект 1
A51: 2 | B51: Объект 2
A52: …
B54: * - представляется ежегодно до 1 октября текущего года
B55: ** - в ценах отчетного года
B56: *** - план, согласно утвержденной инвестиционной программе
B57: **** - накопленным итогом за год
B59: Примечание: для сетевых объектов с разделением объектов на ПС, ВЛ и КЛ

Sheet приложение 2.2
AA1: Приложение № 2.2
AA2: к приказу Минэнерго России
AA3: от «24» марта 2010 г. № 114
A6: Краткое описание инвестиционной программы по МУП Грязовецкая ЭТС на 2015 - 2019 г
AA7: Утверждаю
AA8: Директор МУП Грязовенцкая ЭТС
AA10: С.Г.Шалашов
AA11: 6 ноября 2014 года
AA12: М.П.
A13: № п/п | B13: Наименование направления/ проекта инвестиционной программы | C13: Субъект РФ, на территории которого реализауется инвестиционный проект | D13: Место расположения объекта | E13: Технические характеристики | H13: Используемое топливо | I13: Сроки реализации проекта | K13: Наличие исходно-разрешительной документации | O13: Процент освоения сметной стоимости на 01.01 2015, % | P13: Техническая готовность объекта на 01.01.2015, % ** | Q13: Стоимость объекта, млн.рублей | S13: Остаточная стоимость объекта на 01.01. 2015 года , млн.рублей | U13: Обоснование необходимости реализации проекта | X13: Показатели экономической эффективноскти реализации инвестиционного проекта ****
E14: мощность, МВт, МВА | F14: выработка, млн.кВт/ч | G14: длина ВЛ, км | I14: Год начала строительства | J14: Год ввода в эксплуатацию | K14: Утвержденная проектно-сметная документация (+;-) | L14: Заключение Главгос экспертизы России (+;-) | M14: Оформленный в соответствии с законо дательством землеотвод (+;-) | N14: Разрешение на строи тельство (+;-) | Q14: в соответствии с проектно- сметной документацией *** | R14: в соответствии с итогами конкурсов и заключенными договорами | S14: в соответствии с проектно- сметной документацией *** | T14: в соответствии с итогами конкурсов и заключенными договорами | U14: решаемые задачи * | V14: режимно-балансовая необходимость | W14: основание включения инвестиционного проекта в инвестиционную программу (решение Правительства РФ, федеральные, региональные и муниципальные программы и др.) | X14: доходность | Z14: срок окупаемости
X15: NPV, млн. рублей | Y15: IRR, % | Z15: простой | AA15: дискон тированный
B16: Всего | Q16: =SUM(Q17:Q27) -> 3.610484
A17: 1 | B17: Замена ВЛ - 0,4 кВ с ТП- 10 по ул.Володарского с переключением части потребителей на ТП-28 | C17: Вологодаская обл. | D17: г.Грязовец | G17: 0.91 | I17: 2016 | J17: 2016 | K17: смета имеется | Q17: 0.968743 | U17: Обновление основных фондов, уменьшение длины линий- улучшение надежности и качества электроснабжения потребителей | X17: -0.2 | Y17: 0.04 | Z17: 12 | AA17: не окупается
A18: 2 | B18: Замена перехода через дорогу ул.Ленина ВЛ - 10 кВ ф.Онега | C18: Вологодаская обл. | D18: г.Грязовец | G18: 0.07 | I18: 2017 | J18: 2017 | K18: смета имеется | Q18: 0.145383 | U18: Обновление основных фондов | X18: 0.099 | Y18: 0.18 | Z18: 8 | AA18: 10
A19: 3 | B19: Замена ВЛ - 0,4 кВ с ТП- 35 выход "Дома МКСО" | C19: Вологодаская обл. | D19: г.Грязовец | G19: 0.26 | I19: 2017 | J19: 2017 | K19: смета имеется | Q19: 0.283619 | U19: Обновление основных фондов | X19: 0.131 | Y19: 0.17 | Z19: 8 | AA19: 10
A20: 4 | B20: Замена ВЛ - 0,4 кВ с ТП 7 выход "Ленина (часть линии) | C20: Вологодаская обл. | D20: г.Грязовец | G20: 0.29 | I20: 2018 | J20: 2018 | K20: смета имеется | Q20: 0.407687 | U20: Обновление основных фондов | X20: 0.048 | Y20: 0.11 | Z20: 11 | AA20: 15
A21: 5 | B21: Замена ВЛ - 10 кВ ф.Онега переход через железную дорогу | C21: Вологодаская обл. | D21: г.Грязовец | G21: 0.07 | I21: 2018 | J21: 2018 | K21: смета имеется | Q21: 0.20071 | U21: Обновление основных фондов | X21: 0.07 | Y21: 0.15 | Z21: 9 | AA21: 12
A22: 6 | B22: Замена проводов от оп.№30 до оп. № 38 ВЛ - 10 кВ ф.Город2 | C22: Вологодаская обл. | D22: г.Грязовец | G22: 0.6 | I22: 2019 | J22: 2019 | K22: смета имеется | Q22: 0.300352 | U22: Обновление основных фондов | X22: 0.47 | Y22: 0.12 | Z22: 11 | AA22: 15
A23: 7 | B23: Замена проводов от оп.№ 39 до оп.№105 по ул.Комсомольская ВЛ - 10 кВ ф.Город 2 | C23: Вологодаская обл. | D23: г.Грязовец | G23: 0.3 | I23: 2019 | J23: 2019 | K23: смета имеется | Q23: 0.16115 | U23: Обновление основных фондов | X23: 0.23 | Y23: 0.12 | Z23: 12 | AA23: 15
A24: 8 | B24: Замена ВЛ - 0,4 кВ с ТП -55 ул.Горького - Беляева | C24: Вологодаская обл. | D24: г.Грязовец | G24: 0.616 | I24: 2015 | J24: 2015 | K24: смета имеется | Q24: 0.378408 | U24: Обновление основных фондов | X24: 0.58 | Y24: 0.11 | Z24: 8 | AA24: 13
A25: 9 | B25: Замена ВЛ - 0,4 кВ на городской водозабор | C25: Вологодаская обл. | D25: г.Грязовец | G25: 1 | I25: 2015 | J25: 2015 | K25: смета имеется | Q25: 0.265637 | U25: Обновление основных фондов | X25: 0.346 | Y25: 4 | Z25: 4 | AA25: 4
A26: 10 | B26: Монтаж оборудования в ТП - 57 (монтаж резервного питания с ТП 57 на котельную №3) | C26: Вологодаская обл. | D26: г.Грязовец | I26: 2015 | J26: 2015 | K26: смета имеется | Q26: 0.200666 | V26: Обеспечение резерва для необходимой степени надежности электроснабжения котельной
A27: 11 | B27: Монтаж резервного питания на котельную №3 с ТП 57. Прокладка КЛ-0,4 кВ с ТП57 до котельной №3 | C27: Вологодаская обл. | D27: г.Грязовец | G27: 0.12 | I27: 2015 | J27: 2015 | K27: смета имеется | Q27: 0.298129 | V27: Обеспечение резерва для необходимой степени надежности электроснабжения котельной
B29: * в том числе: - степень износа электрооборудования - срок вывода из эксплуатации электрооборудования - уровень технического оснащения электрооборудования - требования Системного оператора к электроэнергетическому объекту, которые необходимы для надежного и бесперебойного электрообеспечения объекта (энергорайона).
B30: ** - определяется исходя из выполнения графика строительства
B31: *** в текущих ценах без НДС с применением коэффициентов пересчета к базовым ценам Мирегион России или иных уполномоченных государственных органов (указать)
B32: **** приложить финансовую модель по проекту (приложение 2.3)

Sheet приложение 2.3
K1: Приложение № 2.3
K2: к приказу Минэнерго России
K3: от «___»________2010 г. №____
A5: Финансовая модель по проекту инвестиционной программы
K7: Утверждаю
K8: руководитель организации
K10: (подпись)
K11: «___»________ 20__ года
K12: М.П.
A14: Исходные данные | B14: Значение
A15: Общая стоимость объекта, руб. без НДС
A16: Прочие расходы, руб. без НДС на объект | B16: 0
A17: Срок амортизации, лет | D17: Собственный капитал
A18: Кол-во объектов, ед. | B18: 4 | D18: Простой период окупаемости, лет | G18: =SUM(B80:K80) -> #DIV/0!
A19: Затраты на ремонт объекта, руб. без НДС | B19: 5000000 | D19: Дисконтированный период окупаемости, лет | G19: =IF(SUM(B81:K81)=0,"не окупается",SUM(B81:K81)) -> #DIV/0!
A20: Первый ремонт объекта, лет после постройки | B20: 4 | D20: NPV через 10 лет, руб. | G20: =K78 -> #DIV/0!
A21: Периодичность ремонта объекта, лет | B21: 1 | D21: Целесообразность реализации проекта | G21: =IF(G20>0,"да","нет") -> #DIV/0!
A22: Прочие расходы при эксплуатации объекта, руб. без НДС | B22: 450000
A23: Возникновение прочих расходов, лет после постройки | B23: 4
A24: Периодичность расходов, лет | B24: 1
B25: 0
A26: Налог на прибыль | B26: 0.2
B27: 0
A28: Прочие расходы, руб. без НДС в месяц | B28: 0
A29: Рабочий капитал в % от выручки | B29: 0.1
A30: Срок кредита | B30: 7
A31: Ставка по кредиту | B31: 0.12
A32: Ставка по кредиту без учета субсидирования | B32: 0.15
A33: Доля заемных средств | B33: 0.75
A34: Ставка дисконтирования на собственный капитал | B34: 0.125
A35: Доля собственных средств | B35: =1-B33 -> 0.25
A36: WACC | B36: =B35*B34+B33*B32*(1-B26) -> 0.12125
A37: Период | B37: N | C37: N+1 | D37: N+2 | E37: … | F37: N+4 | G37: N+5 | H37: N+6 | I37: N+7 | J37: N+8 | K37: год окончания строительства объекта
A38: Прогноз инфляции | B38: 0.06 | C38: 0.06 | D38: 0.06 | E38: 0.06 | F38: 0.06 | G38: 0.06 | H38: 0.06 | I38: 0.06 | J38: 0.06 | K38: 0.06
A39: Кумулятивная инфляция | B39: =B38 -> 0.06 | C39: =(1+B39)*(1+C38)-1 -> 0.1236 | D39: =(1+C39)*(1+D38)-1 -> 0.191016 | E39: =(1+D39)*(1+E38)-1 -> 0.26247696 | F39: =(1+E39)*(1+F38)-1 -> 0.33822558 | G39: =(1+F39)*(1+G38)-1 -> 0.41851911 | H39: =(1+G39)*(1+H38)-1 -> 0.50363026 | I39: =(1+H39)*(1+I38)-1 -> 0.59384807 | J39: =(1+I39)*(1+J38)-1 -> 0.68947896 | K39: =(1+J39)*(1+K38)-1 -> 0.7908477
A40: Доход, руб. без НДС | B40: 425000000 | C40: =B40*(1+C39) -> 4.7753e+08 | D40: =C40*(1+D39) -> 5.6874587e+08 | E40: =D40*(1+E39) -> 7.1802856e+08 | F40: =E40*(1+F39) -> 9.6088418e+08 | G40: =F40*(1+G39) -> 1.3630326e+09 | H40: =G40*(1+H39) -> 2.049497e+09 | I40: =H40*(1+I39) -> 3.2665869e+09 | J40: =I40*(1+J39) -> 5.5188298e+09 | K40: =J40*(1+K39) -> 9.8833837e+09
A42: Кредит, руб. | B42: N | C42: N+1 | D42: N+2 | E42: … | F42: N+4 | G42: N+5 | H42: N+6 | I42: N+7 | J42: N+8 | K42: год окончания строительства объекта
A43: Основной долг на начало периода | B43: 0 | C43: =B43+B44-B45 -> 0 | D43: =C43+C44-C45 -> 0 | E43: =D43+D44-D45 -> 0 | F43: =E43+E44-E45 -> 0 | G43: =F43+F44-F45 -> 0 | H43: =G43+G44-G45 -> 0 | I43: =H43+H44-H45 -> 0 | J43: =I43+I44-I45 -> 0 | K43: =J43+J44-J45 -> 0
A44: Поступление кредита | B44: =B15*B18*B33*1.18 -> 0 | C44: 0 | D44: 0 | E44: 0 | F44: 0 | G44: 0 | H44: 0 | I44: 0 | J44: 0 | K44: 0
A45: Погашение основного долга | B45: =$B$44/$B$30 -> 0 | C45: =IF(ROUND(C43,1)=0,0,B45+C44/$B$30) -> 0 | D45: =IF(ROUND(D43,1)=0,0,C45+D44/$B$30) -> 0 | E45: =IF(ROUND(E43,1)=0,0,D45+E44/$B$30) -> 0 | F45: =IF(ROUND(F43,1)=0,0,E45+F44/$B$30) -> 0 | G45: =IF(ROUND(G43,1)=0,0,F45+G44/$B$30) -> 0 | H45: =IF(ROUND(H43,1)=0,0,G45+H44/$B$30) -> 0 | I45: =IF(ROUND(I43,1)=0,0,H45+I44/$B$30) -> 0 | J45: =IF(ROUND(J43,1)=0,0,I45+J44/$B$30) -> 0 | K45: =IF(ROUND(K43,1)=0,0,J45+K44/$B$30) -> 0
A46: Начисление процентов | B46: =AVERAGE(SUM(B43:B44),(SUM(B43:B44)-B45))*$B$32 -> 0 | C46: =AVERAGE(SUM(C43:C44),(SUM(C43:C44)-C45))*$B$32 -> 0 | D46: =AVERAGE(SUM(D43:D44),(SUM(D43:D44)-D45))*$B$32 -> 0 | E46: =AVERAGE(SUM(E43:E44),(SUM(E43:E44)-E45))*$B$32 -> 0 | F46: =AVERAGE(SUM(F43:F44),(SUM(F43:F44)-F45))*$B$32 -> 0 | G46: =AVERAGE(SUM(G43:G44),(SUM(G43:G44)-G45))*$B$32 -> 0 | H46: =AVERAGE(SUM(H43:H44),(SUM(H43:H44)-H45))*$B$32 -> 0 | I46: =AVERAGE(SUM(I43:I44),(SUM(I43:I44)-I45))*$B$32 -> 0 | ... K46: =AVERAGE(SUM(K43:K44),(SUM(K43:K44)-K45))*$B$32 -> 0
A48: БДР, руб. | B48: =B37 -> N | C48: =C37 -> N+1 | D48: =D37 -> N+2 | E48: =E37 -> … | F48: =F37 -> N+4 | G48: =G37 -> N+5 | H48: =H37 -> N+6 | I48: =I37 -> N+7 | J48: =J37 -> N+8 | K48: год окончания строительства объекта
A49: Доход | B49: =B40*$B$18 -> 1700000000 | C49: =C40*$B$18 -> 1.91012e+09 | D49: =D40*$B$18 -> 2.2749835e+09 | E49: =E40*$B$18 -> 2.8721142e+09 | F49: =F40*$B$18 -> 3.8435367e+09 | G49: =G40*$B$18 -> 5.4521303e+09 | H49: =H40*$B$18 -> 8.1979881e+09 | I49: =I40*$B$18 -> 1.3066348e+10 | ... K49: =K40*$B$18 -> 3.9533535e+10
A50: Операционные расходы | B50: =SUM(B51:B56) -> #DIV/0! | C50: =SUM(C51:C56) -> #DIV/0! | D50: =SUM(D51:D56) -> #DIV/0! | E50: =SUM(E51:E56) -> #DIV/0! | F50: =SUM(F51:F56) -> #DIV/0! | G50: =SUM(G51:G56) -> #DIV/0! | H50: =SUM(H51:H56) -> #DIV/0! | I50: =SUM(I51:I56) -> #DIV/0! | ... K50: =SUM(K51:K56) -> #DIV/0!
A51: Ремонт объекта | B51: =-IF(B$37<=$B$20,0,$B$19*(1+B$39)*$B$18) -> -21200000 | C51: =-IF(C$37<=$B$20,0,$B$19*(1+C$39)*$B$18) -> -22472000 | D51: =-IF(D$37<=$B$20,0,$B$19*(1+D$39)*$B$18) -> -23820320 | E51: =-IF(E$37<=$B$20,0,$B$19*(1+E$39)*$B$18) -> -25249539 | F51: =-IF(F$37<=$B$20,0,$B$19*(1+F$39)*$B$18) -> -26764512 | G51: =-IF(G$37<=$B$20,0,$B$19*(1+G$39)*$B$18) -> -28370382 | H51: =-IF(H$37<=$B$20,0,$B$19*(1+H$39)*$B$18) -> -30072605 | I51: =-IF(I$37<=$B$20,0,$B$19*(1+I$39)*$B$18) -> -31876961 | ... K51: =-IF(K$37<=$B$20,0,$B$19*(1+K$39)*$B$18) -> -35816954
A52: =A22 -> Прочие расходы при эксплуатации объекта, руб. без НДС | B52: =-IF(B$37<=$B$23,0,$B$22*(1+B$39)*$B$18) -> -1908000 | C52: =-IF(C$37<=$B$23,0,$B$22*(1+C$39)*$B$18) -> -2022480 | D52: =-IF(D$37<=$B$23,0,$B$22*(1+D$39)*$B$18) -> -2143828.8 | E52: =-IF(E$37<=$B$23,0,$B$22*(1+E$39)*$B$18) -> -2272458.5 | F52: =-IF(F$37<=$B$23,0,$B$22*(1+F$39)*$B$18) -> -2408806 | G52: =-IF(G$37<=$B$23,0,$B$22*(1+G$39)*$B$18) -> -2553334.4 | H52: =-IF(H$37<=$B$23,0,$B$22*(1+H$39)*$B$18) -> -2706534.5 | I52: =-IF(I$37<=$B$23,0,$B$22*(1+I$39)*$B$18) -> -2868926.5 | ... K52: =-IF(K$37<=$B$23,0,$B$22*(1+K$39)*$B$18) -> -3223525.9
B53: =-IF(B$37<=$B$20,0,$B$25*(1+B$39)*$B$18) -> 0 | C53: =-IF(C$37<=$B$20,0,$B$25*(1+C$39)*$B$18) -> 0 | D53: =-IF(D$37<=$B$20,0,$B$25*(1+D$39)*$B$18) -> 0 | E53: =-IF(E$37<=$B$20,0,$B$25*(1+E$39)*$B$18) -> 0 | F53: =-IF(F$37<=$B$20,0,$B$25*(1+F$39)*$B$18) -> 0 | G53: =-IF(G$37<=$B$20,0,$B$25*(1+G$39)*$B$18) -> 0 | H53: =-IF(H$37<=$B$20,0,$B$25*(1+H$39)*$B$18) -> 0 | I53: =-IF(I$37<=$B$20,0,$B$25*(1+I$39)*$B$18) -> 0 | ... K53: =-IF(K$37<=$B$20,0,$B$25*(1+K$39)*$B$18) -> 0
B54: =-$B$27*(1+B$39)*$B$18*365 -> 0 | C54: =-$B$27*(1+C$39)*$B$18*365 -> 0 | D54: =-$B$27*(1+D$39)*$B$18*365 -> 0 | E54: =-$B$27*(1+E$39)*$B$18*365 -> 0 | F54: =-$B$27*(1+F$39)*$B$18*365 -> 0 | G54: =-$B$27*(1+G$39)*$B$18*365 -> 0 | H54: =-$B$27*(1+H$39)*$B$18*365 -> 0 | I54: =-$B$27*(1+I$39)*$B$18*365 -> 0 | ... K54: =-$B$27*(1+K$39)*$B$18*365 -> 0
B55: =-$B$28*(1+B$39)*12 -> 0 | C55: =-$B$28*(1+C$39)*12 -> 0 | D55: =-$B$28*(1+D$39)*12 -> 0 | E55: =-$B$28*(1+E$39)*12 -> 0 | F55: =-$B$28*(1+F$39)*12 -> 0 | G55: =-$B$28*(1+G$39)*12 -> 0 | H55: =-$B$28*(1+H$39)*12 -> 0 | I55: =-$B$28*(1+I$39)*12 -> 0 | ... K55: =-$B$28*(1+K$39)*12 -> 0
A56: Налог на имущество (После ввода объекта в эксплуатацию) | B56: =-(($B$15+$B$16)*$B$18+($B$15+$B$16)*$B$18+SUM($B$58:B58))/2*2.2% -> #DIV/0! | C56: =-(($B$15+$B$16)*$B$18+($B$15+$B$16)*$B$18+SUM($B$58:C58))/2*2.2% -> #DIV/0! | D56: =-(($B$15+$B$16)*$B$18+($B$15+$B$16)*$B$18+SUM($B$58:D58))/2*2.2% -> #DIV/0! | E56: =-(($B$15+$B$16)*$B$18+($B$15+$B$16)*$B$18+SUM($B$58:E58))/2*2.2% -> #DIV/0! | F56: =-(($B$15+$B$16)*$B$18+($B$15+$B$16)*$B$18+SUM($B$58:F58))/2*2.2% -> #DIV/0! | G56: =-(($B$15+$B$16)*$B$18+($B$15+$B$16)*$B$18+SUM($B$58:G58))/2*2.2% -> #DIV/0! | H56: =-(($B$15+$B$16)*$B$18+($B$15+$B$16)*$B$18+SUM($B$58:H58))/2*2.2% -> #DIV/0! | I56: =-(($B$15+$B$16)*$B$18+($B$15+$B$16)*$B$18+SUM($B$58:I58))/2*2.2% -> #DIV/0! | ... K56: =-(($B$15+$B$16)*$B$18+($B$15+$B$16)*$B$18+SUM($B$58:K58))/2*2.2% -> #DIV/0!
A57: EBITDA | B57: =B49+B50 -> #DIV/0! | C57: =C49+C50 -> #DIV/0! | D57: =D49+D50 -> #DIV/0! | E57: =E49+E50 -> #DIV/0! | F57: =F49+F50 -> #DIV/0! | G57: =G49+G50 -> #DIV/0! | H57: =H49+H50 -> #DIV/0! | I57: =I49+I50 -> #DIV/0! | ... K57: =K49+K50 -> #DIV/0!
A58: Амортизация | B58: =-(B15+B16)*1.18*B18/B17 -> #DIV/0! | C58: =B58 -> #DIV/0! | D58: =C58 -> #DIV/0! | E58: =D58 -> #DIV/0! | F58: =E58 -> #DIV/0! | G58: =F58 -> #DIV/0! | H58: =G58 -> #DIV/0! | I58: =H58 -> #DIV/0! | J58: =I58 -> #DIV/0! | K58: =J58 -> #DIV/0!
A59: EBIT | B59: =B57+B58 -> #DIV/0! | C59: =C57+C58 -> #DIV/0! | D59: =D57+D58 -> #DIV/0! | E59: =E57+E58 -> #DIV/0! | F59: =F57+F58 -> #DIV/0! | G59: =G57+G58 -> #DIV/0! | H59: =H57+H58 -> #DIV/0! | I59: =I57+I58 -> #DIV/0! | ... K59: =K57+K58 -> #DIV/0!
A60: Проценты | B60: =-B46 -> 0 | C60: =-C46 -> 0 | D60: =-D46 -> 0 | E60: =-E46 -> 0 | F60: =-F46 -> 0 | G60: =-G46 -> 0 | H60: =-H46 -> 0 | I60: =-I46 -> 0 | ... K60: =-K46 -> 0
A61: Прибыль до налогообложения | B61: =B59+B60 -> #DIV/0! | C61: =C59+C60 -> #DIV/0! | D61: =D59+D60 -> #DIV/0! | E61: =E59+E60 -> #DIV/0! | F61: =F59+F60 -> #DIV/0! | G61: =G59+G60 -> #DIV/0! | H61: =H59+H60 -> #DIV/0! | I61: =I59+I60 -> #DIV/0! | ... K61: =K59+K60 -> #DIV/0!
A62: Налог на прибыль | B62: =-B61*$B$26 -> #DIV/0! | C62: =-C61*$B$26 -> #DIV/0! | D62: =-D61*$B$26 -> #DIV/0! | E62: =-E61*$B$26 -> #DIV/0! | F62: =-F61*$B$26 -> #DIV/0! | G62: =-G61*$B$26 -> #DIV/0! | H62: =-H61*$B$26 -> #DIV/0! | I62: =-I61*$B$26 -> #DIV/0! | ... K62: =-K61*$B$26 -> #DIV/0!
A63: Чистая прибыль | B63: =B61+B62 -> #DIV/0! | C63: =C61+C62 -> #DIV/0! | D63: =D61+D62 -> #DIV/0! | E63: =E61+E62 -> #DIV/0! | F63: =F61+F62 -> #DIV/0! | G63: =G61+G62 -> #DIV/0! | H63: =H61+H62 -> #DIV/0! | I63: =I61+I62 -> #DIV/0! | ... K63: =K61+K62 -> #DIV/0!
B64: 0.5 | C64: =AVERAGE(B48:C48) -> #DIV/0! | D64: =AVERAGE(C48:D48) -> #DIV/0! | E64: =AVERAGE(D48:E48) -> #DIV/0! | F64: =AVERAGE(E48:F48) -> #DIV/0! | G64: =AVERAGE(F48:G48) -> #DIV/0! | H64: =AVERAGE(G48:H48) -> #DIV/0! | I64: =AVERAGE(H48:I48) -> #DIV/0! | J64: =AVERAGE(I48:J48) -> #DIV/0! | K64: =AVERAGE(J48:K48) -> #DIV/0!
A65: Денежный поток на собственный капитал, руб. | B65: =B48 -> N | C65: =C48 -> N+1 | D65: =D48 -> N+2 | E65: =E48 -> … | F65: =F48 -> N+4 | G65: =G48 -> N+5 | H65: =H48 -> N+6 | I65: =I48 -> N+7 | J65: =J48 -> N+8 | K65: год окончания строительства объекта
A66: EBIT | B66: =B59 -> #DIV/0! | C66: =C59 -> #DIV/0! | D66: =D59 -> #DIV/0! | E66: =E59 -> #DIV/0! | F66: =F59 -> #DIV/0! | G66: =G59 -> #DIV/0! | H66: =H59 -> #DIV/0! | I66: =I59 -> #DIV/0! | ... K66: =K59 -> #DIV/0!
A67: Амортизация | B67: =-B58 -> #DIV/0! | C67: =-C58 -> #DIV/0! | D67: =-D58 -> #DIV/0! | E67: =-E58 -> #DIV/0! | F67: =-F58 -> #DIV/0! | G67: =-G58 -> #DIV/0! | H67: =-H58 -> #DIV/0! | I67: =-I58 -> #DIV/0! | ... K67: =-K58 -> #DIV/0!
A68: Проценты | B68: =B60 -> 0 | C68: =C60 -> 0 | D68: =D60 -> 0 | E68: =E60 -> 0 | F68: =F60 -> 0 | G68: =G60 -> 0 | H68: =H60 -> 0 | I68: =I60 -> 0 | ... K68: =K60 -> 0
A69: Налог на прибыль | B69: =IF(SUM($B$62:B62)+SUM($A$69:A69)>0,0,SUM($B$62:B62)-SUM($A$69:A69)) -> #DIV/0! | C69: =IF(SUM($B$62:C62)+SUM($A$69:B69)>0,0,SUM($B$62:C62)-SUM($A$69:B69)) -> #DIV/0! | D69: =IF(SUM($B$62:D62)+SUM($A$69:C69)>0,0,SUM($B$62:D62)-SUM($A$69:C69)) -> #DIV/0! | E69: =IF(SUM($B$62:E62)+SUM($A$69:D69)>0,0,SUM($B$62:E62)-SUM($A$69:D69)) -> #DIV/0! | F69: =IF(SUM($B$62:F62)+SUM($A$69:E69)>0,0,SUM($B$62:F62)-SUM($A$69:E69)) -> #DIV/0! | G69: =IF(SUM($B$62:G62)+SUM($A$69:F69)>0,0,SUM($B$62:G62)-SUM($A$69:F69)) -> #DIV/0! | H69: =IF(SUM($B$62:H62)+SUM($A$69:G69)>0,0,SUM($B$62:H62)-SUM($A$69:G69)) -> #DIV/0! | I69: =IF(SUM($B$62:I62)+SUM($A$69:H69)>0,0,SUM($B$62:I62)-SUM($A$69:H69)) -> #DIV/0! | ... K69: =IF(SUM($B$62:K62)+SUM($A$69:J69)>0,0,SUM($B$62:K62)-SUM($A$69:J69)) -> #DIV/0!
A70: НДС | B70: =IF(((SUM($B$49:B49)+SUM($B$51:B55))+SUM($B$72:B72))<0,((SUM($B$49:B49)+SUM($B$51:B55))+SUM($B$72:B72))*0.18-SUM($A$70:A70),IF(SUM(A$70:$B70)<0,0-SUM(A$70:$B70),0)) -> -140539860 | C70: =IF(((SUM($B$49:C49)+SUM($B$51:C55))+SUM($B$72:C72))<0,((SUM($B$49:C49)+SUM($B$51:C55))+SUM($B$72:C72))*0.18-SUM($A$70:B70),IF(SUM($B$70:B70)<0,0-SUM($B$70:B70),0)) -> 84853148 | D70: =IF(((SUM($B$49:D49)+SUM($B$51:D55))+SUM($B$72:D72))<0,((SUM($B$49:D49)+SUM($B$51:D55))+SUM($B$72:D72))*0.18-SUM($A$70:C70),IF(SUM($B$70:C70)<0,0-SUM($B$70:C70),0)) -> 55686712 | E70: =IF(((SUM($B$49:E49)+SUM($B$51:E55))+SUM($B$72:E72))<0,((SUM($B$49:E49)+SUM($B$51:E55))+SUM($B$72:E72))*0.18-SUM($A$70:D70),IF(SUM($B$70:D70)<0,0-SUM($B$70:D70),0)) -> 0 | F70: =IF(((SUM($B$49:F49)+SUM($B$51:F55))+SUM($B$72:F72))<0,((SUM($B$49:F49)+SUM($B$51:F55))+SUM($B$72:F72))*0.18-SUM($A$70:E70),IF(SUM($B$70:E70)<0,0-SUM($B$70:E70),0)) -> 0 | G70: =IF(((SUM($B$49:G49)+SUM($B$51:G55))+SUM($B$72:G72))<0,((SUM($B$49:G49)+SUM($B$51:G55))+SUM($B$72:G72))*0.18-SUM($A$70:F70),IF(SUM($B$70:F70)<0,0-SUM($B$70:F70),0)) -> 0 | H70: =IF(((SUM($B$49:H49)+SUM($B$51:H55))+SUM($B$72:H72))<0,((SUM($B$49:H49)+SUM($B$51:H55))+SUM($B$72:H72))*0.18-SUM($A$70:G70),IF(SUM($B$70:G70)<0,0-SUM($B$70:G70),0)) -> 0 | I70: =IF(((SUM($B$49:I49)+SUM($B$51:I55))+SUM($B$72:I72))<0,((SUM($B$49:I49)+SUM($B$51:I55))+SUM($B$72:I72))*0.18-SUM($A$70:H70),IF(SUM($B$70:H70)<0,0-SUM($B$70:H70),0)) -> 0 | J70: =IF(((SUM($B$49:J49)+SUM($B$51:J55))+SUM($B$72:J72))<0,((SUM($B$49:J49)+SUM($B$51:J55))+SUM($B$72:J72))*0.18-SUM($A$70:I70),IF(SUM($B$70:I70)<0,0-SUM($B$70:I70),0)) -> 0 | K70: =IF(((SUM($B$49:K49)+SUM($B$51:K55))+SUM($B$72:K72))<0,((SUM($B$49:K49)+SUM($B$51:K55))+SUM($B$72:K72))*0.18-SUM($A$70:J70),IF(SUM($B$70:J70)<0,0-SUM($B$70:J70),0)) -> 0
A71: Изменения в рабочем капитале | B71: =-B49*(B29) -> -170000000 | C71: =-(C49-B49)*$B$29 -> -21012000 | D71: =-(D49-C49)*$B$29 -> -36486348 | E71: =-(E49-D49)*$B$29 -> -59713075 | F71: =-(F49-E49)*$B$29 -> -97142249 | G71: =-(G49-F49)*$B$29 -> -1.6085936e+08 | H71: =-(H49-G49)*$B$29 -> -2.7458578e+08 | I71: =-(I49-H49)*$B$29 -> -4.8683594e+08 | J71: =-(J49-I49)*$B$29 -> -9.0089717e+08 | K71: =-(K49-J49)*$B$29 -> -1.7458215e+09
A72: Инвестиции | B72: =-($B$15+$B$16)*$B$18 -> 0 | C72: 0 | D72: 0 | E72: 0 | F72: 0 | G72: 0 | H72: 0 | I72: 0 | J72: 0 | K72: 0
A73: Изменения финансовых обязательств | B73: =B44-B45 -> 0 | C73: =C44-C45 -> 0 | D73: =D44-D45 -> 0 | E73: =E44-E45 -> 0 | F73: =F44-F45 -> 0 | G73: =G44-G45 -> 0 | H73: =H44-H45 -> 0 | I73: =I44-I45 -> 0 | ... K73: =K44-K45 -> 0
A74: Чистый денежный поток | B74: =SUM(B66:B73) -> #DIV/0! | C74: =SUM(C66:C73) -> #DIV/0! | D74: =SUM(D66:D73) -> #DIV/0! | E74: =SUM(E66:E73) -> #DIV/0! | F74: =SUM(F66:F73) -> #DIV/0! | G74: =SUM(G66:G73) -> #DIV/0! | H74: =SUM(H66:H73) -> #DIV/0! | I74: =SUM(I66:I73) -> #DIV/0! | ... K74: =SUM(K66:K73) -> #DIV/0!
A75: Накопленный ЧДП | B75: =SUM($B$74:B74) -> #DIV/0! | C75: =SUM($B$74:C74) -> #DIV/0! | D75: =SUM($B$74:D74) -> #DIV/0! | E75: =SUM($B$74:E74) -> #DIV/0! | F75: =SUM($B$74:F74) -> #DIV/0! | G75: =SUM($B$74:G74) -> #DIV/0! | H75: =SUM($B$74:H74) -> #DIV/0! | I75: =SUM($B$74:I74) -> #DIV/0! | ... K75: =SUM($B$74:K74) -> #DIV/0!
A76: Коэффициент дисконтирования | B76: =1/POWER((1+$B$34),B64) -> 0.94280904 | C76: =1/POWER((1+$B$34),C64) -> #DIV/0! | D76: =1/POWER((1+$B$34),D64) -> #DIV/0! | E76: =1/POWER((1+$B$34),E64) -> #DIV/0! | F76: =1/POWER((1+$B$34),F64) -> #DIV/0! | G76: =1/POWER((1+$B$34),G64) -> #DIV/0! | H76: =1/POWER((1+$B$34),H64) -> #DIV/0! | I76: =1/POWER((1+$B$34),I64) -> #DIV/0! | ... K76: =1/POWER((1+$B$34),K64) -> #DIV/0!
A77: PV | B77: =B74*B76 -> #DIV/0! | C77: =C74*C76 -> #DIV/0! | D77: =D74*D76 -> #DIV/0! | E77: =E74*E76 -> #DIV/0! | F77: =F74*F76 -> #DIV/0! | G77: =G74*G76 -> #DIV/0! | H77: =H74*H76 -> #DIV/0! | I77: =I74*I76 -> #DIV/0! | ... K77: =K74*K76 -> #DIV/0!
A78: NPV (без учета продажи) | B78: =SUM($B$77:B77) -> #DIV/0! | C78: =SUM($B$77:C77) -> #DIV/0! | D78: =SUM($B$77:D77) -> #DIV/0! | E78: =SUM($B$77:E77) -> #DIV/0! | F78: =SUM($B$77:F77) -> #DIV/0! | G78: =SUM($B$77:G77) -> #DIV/0! | H78: =SUM($B$77:H77) -> #DIV/0! | I78: =SUM($B$77:I77) -> #DIV/0! | ... K78: =SUM($B$77:K77) -> #DIV/0!
A79: IRR | B79: =IF((ISERR(IRR($B$74:B74))),0,IF(IRR($B$74:B74)<0,0,IRR($B$74:B74))) -> 0 | C79: =IF((ISERR(IRR($B$74:C74))),0,IF(IRR($B$74:C74)<0,0,IRR($B$74:C74))) -> 0 | D79: =IF((ISERR(IRR($B$74:D74))),0,IF(IRR($B$74:D74)<0,0,IRR($B$74:D74))) -> 0 | E79: =IF((ISERR(IRR($B$74:E74))),0,IF(IRR($B$74:E74)<0,0,IRR($B$74:E74))) -> 0 | F79: =IF((ISERR(IRR($B$74:F74))),0,IF(IRR($B$74:F74)<0,0,IRR($B$74:F74))) -> 0 | G79: =IF((ISERR(IRR($B$74:G74))),0,IF(IRR($B$74:G74)<0,0,IRR($B$74:G74))) -> 0 | H79: =IF((ISERR(IRR($B$74:H74))),0,IF(IRR($B$74:H74)<0,0,IRR($B$74:H74))) -> 0 | I79: =IF((ISERR(IRR($B$74:I74))),0,IF(IRR($B$74:I74)<0,0,IRR($B$74:I74))) -> 0 | ... K79: =IF((ISERR(IRR($B$74:K74))),0,IF(IRR($B$74:K74)<0,0,IRR($B$74:K74))) -> 0
A80: PP | B80: =IF(AND(B75>0,A75<0),(B65-(B75/(B75-A75))),0) -> #DIV/0! | C80: =IF(AND(C75>0,B75<0),(C65-(C75/(C75-B75))),0) -> #DIV/0! | D80: =IF(AND(D75>0,C75<0),(D65-(D75/(D75-C75))),0) -> #DIV/0! | E80: =IF(AND(E75>0,D75<0),(E65-(E75/(E75-D75))),0) -> #DIV/0! | F80: =IF(AND(F75>0,E75<0),(F65-(F75/(F75-E75))),0) -> #DIV/0! | G80: =IF(AND(G75>0,F75<0),(G65-(G75/(G75-F75))),0) -> #DIV/0! | H80: =IF(AND(H75>0,G75<0),(H65-(H75/(H75-G75))),0) -> #DIV/0! | I80: =IF(AND(I75>0,H75<0),(I65-(I75/(I75-H75))),0) -> #DIV/0! | ... K80: =IF(AND(K75>0,J75<0),(K65-(K75/(K75-J75))),0) -> #DIV/0!
A81: DPP | B81: =IF(AND(B78>0,A78<0),(B65-(B78/(B78-A78))),0) -> #DIV/0! | C81: =IF(AND(C78>0,B78<0),(C65-(C78/(C78-B78))),0) -> #DIV/0! | D81: =IF(AND(D78>0,C78<0),(D65-(D78/(D78-C78))),0) -> #DIV/0! | E81: =IF(AND(E78>0,D78<0),(E65-(E78/(E78-D78))),0) -> #DIV/0! | F81: =IF(AND(F78>0,E78<0),(F65-(F78/(F78-E78))),0) -> #DIV/0! | G81: =IF(AND(G78>0,F78<0),(G65-(G78/(G78-F78))),0) -> #DIV/0! | H81: =IF(AND(H78>0,G78<0),(H65-(H78/(H78-G78))),0) -> #DIV/0! | I81: =IF(AND(I78>0,H78<0),(I65-(I78/(I78-H78))),0) -> #DIV/0! | ... K81: =IF(AND(K78>0,J78<0),(K65-(K78/(K78-J78))),0) -> #DIV/0!
A83: * форма заполняется: - в отношении вновь создаваемых объектов, для которых могут применяться расчеты экономической эффективности реализации инвестиционных проектов - в отношении реконструируемых объектов в том случае, если данный объект после реконструкции "создает" новый финансовый поток - по проеткам, общая стоимость реализации которых составляет 500 млн.рублей и более

Sheet приложение 3.1
H2: Приложение № 3.1
H3: к приказу Минэнерго России
H4: от «___»________2010 г. №____
A6: Укрупненный сетевой график выполнения инвестиционного проекта
H8: Утверждаю
H9: руководитель организации
H11: (подпись)
H12: «___»________ 20__ года
H13: М.П.
A16: Наименование инвестиционного проекта__________________________________
A18: по состоянию на ____ 20_____ г.
A20: № | B20: Наименование контрольных этапов реализации инвестпроекта с указанием событий/работ критического пути сетевого графика * | C20: Выполнение (план) | G20: Процент исполнения работ за весь период (%) | H20: Основные причины невыполнения
C22: начало (дата) | D22: окончание (дата) | E22: начало (дата) | F22: окончание (дата)
A23: 1 | B23: 2 | C23: 3 | D23: 4 | G23: 5 | H23: 6
A24: 1
A25: 2
A26: 3
A28: * - заполняется в соответствии с приложением 3.2

Sheet приложение 3.2
C2: Приложение № 3.2
C3: к приказу Минэнерго России
C4: от «___»________2010 г. №____
A6: I. Контрольные этапы реализации инвестиционного проекта для генерирующих компаний
C8: Утверждаю
C9: руководитель организации
C11: (подпись)
C12: «___»________ 20__ года
C13: М.П.
A16: № п/п п/п | B16: Наименование | C16: Тип
A17: 1. | B17: Предпроектный этап
A18: 1.1. | B18: Выбор площадки строительства | C18: событие
A19: 1.2. | B19: Проведение инженерных изысканий на выбранной площадке строительства | C19: работа
A20: 2. | B20: Проектный этап
A21: 2.1. | B21: Заключение договора на разработку ТЭО | C21: событие
A22: 2.2. | B22: Заключение договора на разработку рабочего проекта | C22: работа
A23: 2.3. | B23: Разработка и утверждение ТЭО | C23: событие
A24: 2.4. | B24: Разработка рабочего проекта | C24: работа
A25: 2.5. | B25: Получение положительного заключения государственной экспертизы на ТЭО | C25: событие
A26: 2.6. | B26: Получение разрешения на строительство | C26: событие
A27: 3 | B27: Организационный этап
A28: 3.1. | B28: Заключение договора с генеральным подрядчиком (EPC, EPCM) или договоров с основными подрядчиками | C28: событие
A29: 3.2. | B29: Получение правоустанавливающих документов на земельный участк под строительство | C29: событие
A30: 3.3. | B30: Заключение договоров на поставщику основного оборудования | C30: событие
A31: 3.3.1. | B31: График поставки основного оборудования на объект | C31: событие
A32: 4 | B32: Строительные работы
A33: 4.1. | B33: Подготовка площадки строительства | C33: работа
A34: 4.2. | B34: Строительство основных сооружений (главного корпуса, гидротехнических сооружений, объектов топливного хозяйства, технического водоснабжения и др.) | C34: работа
A35: 4.3. | B35: Сдача основных сооружений под монтаж оборудования | C35: событие
A36: 4.4. | B36: Монтаж и ввод в работу грузоподъёмных механизмов для монтажа основного оборудования | C36: событие
A37: 4.5. | B37: Монтаж основного оборудования и трубопроводов | C37: работа
A38: 4.6. | B38: Монтаж электротехнического оборудования и КиП | C38: работа
A39: 5 | B39: Реализация схемы выдачи мощности (в объеме обязательств ГК)
A40: 5.1. | B40: Заявка в сетевую компанию на технологическое присоединение | C40: событие
A41: 5.2. | B41: Заключение договора с сетевой компанией на ТП. Получение и соглаование ТУ и ТП | C41: событие
A42: 5.3. | B42: Разработка и согласование предпроектной внестадийной работы "Схема выдачи мощности" | C42: работа
A43: 5.4. | B43: Заключение договора на реалиацию схемы выдачи мощности с согласованием графика строительства | C43: событие
A44: 5.5. | B44: Разработка рабочей документацией сетевого строительства ГК (если таковое требуется для реализации СВМ) | C44: работа
A45: 5.6. | B45: Реализация сетевого строительства ГК (если таковое требуется для реализации СВМ) | C45: работа
A47: 6 | B47: Испытания и ввод в эксплуатацию
A48: 6.1. | B48: Индивидуальные испытания оборудования и функциональные испытания отдельных систем. | C48: работа
A49: 6.2. | B49: Комплексное опробование оборудования | C49: работа
A50: 6.3. | B50: Готовность оборудования (ОРУ, ЗРУ) для технологического присоединения к электрическим сетям | C50: событие
A51: 6.4. | B51: Ввод объекта в эксплуатацию (получение разрешения на ввод объекта в эксплуатацию и подписание акта приемочной комиссии о приемке в эксплуатацию законченного строительством объекта). | C51: событие
A54: II. Контрольные этапы реализации инвестиционного проекта для сетевых компаний
A56: № п/п | B56: Наименование | C56: Тип
A57: 1 | B57: Предпроектный и проектный этап
A58: 1.1. | B58: Получение заявки на ТП | C58: событие
A59: 1.2. | B59: Разработка и выдача ТУ на ТП | C59: событие
A60: 1.3. | B60: Заключение договора на разработку проетной документации | C60: событие
A61: 1.4. | B61: Получение положительного заключения государственной экспертизы на проектную документацию | C61: событие
A62: 1.5. | B62: Утверждение проектной документации | C62: событие
A63: 1.6. | B63: Разработка рабочей документации | C63: работа
A64: 2 | B64: Организационный этап
A65: 2.1. | B65: Заключение договора подряда (допсоглашения к договору) | C65: событие
A66: 2.2. | B66: Получение правоустанавливающих документов для выделения земельного участка под строительство | C66: событие
A67: 2.3. | B67: Получение разрешительной документации для реализации СВМ | C67: событие
A68: 3 | B68: Сетевое строительство (реконструкция) и пусконаладочные работы | C68: я
A69: 3.1. | B69: Подготовка площадки строительства для подстанций, трассы – для ЛЭП | C69: работа
A70: 3.2. | B70: Поставка основного оборудования | C70: событие
A71: 3.3. | B71: Монтаж основного оборудования | C71: работа
A72: 3.4. | B72: Пусконаладочные работы | C72: работа
A73: 3.5. | B73: Завершение строительства | C73: событие
A74: 4 | B74: Испытания и ввод в эксплуатацию
A75: 4.1. | B75: Комплексное опробование оборудования | C75: работа
A76: 4.2. | B76: Оформление (подписание) актов об осуществлении технологического присоединения к электрическим сетям | C76: событие
A77: 4.3. | B77: Получение разрешения на ввод объекта в эксплуатацию. | C77: событие
A78: 4.4. | B78: Ввод в эксплуатацию объекта сетевого строительства | C78: событие

Sheet приложение 4.1
E2: Приложение № 4.1
E3: к приказу Минэнерго России
E4: от «___»________2010 г. №____
A6: Финансовый план на период реализации инвестиционной программы (заполняется по финансированию)
E8: Утверждаю
E9: Директор МУП грязовецкая ЭТС
E11: Ю.А.Русанов
E13: М.П.
E15: млн. рублей
A16: № п/п | B16: Показатели | C16: год N | D16: год N+1 | E16: год N+2
C17: Всего | D17: Всего | E17: Всего
A19: 1 | B19: 2 | C19: 3 | D19: 4 | E19: 5
A20: I. | B20: Выручка от реализации товаров (работ, услуг), всего
B21: в том числе:
A22: 1.1. | B22: Выручка от основной деятельности (расшифроваь по видам регулируемой деятельности)
A23: 1.2. | B23: Выручка от прочей деятельности (расшифровать)
A24: II. | B24: Расходы по текущей деятельности, всего
A25: 1. | B25: Материальные расходы, всего
B26: в том числе:
A27: 1.1. | B27: Топливо
A28: 1.2. | B28: Сырье, материалы, запасные части, инструменты
A29: 1.3. | B29: Покупная электроэнергия
A30: 2. | B30: Расходы на оплату труда с учетом ЕСН
A31: 3. | B31: Амортизационные отчисления
A32: 4. | B32: Налоги и сборы, всего
A33: 5. | B33: Прочие расходы, всего
B34: в том числе:
A35: 5.1. | B35: Ремонт основных средств
A36: 5.3. | B36: Платежи по аренде и лизингу
A37: 5.4. | B37: Инфраструктурные платежи рынка
A38: III. | B38: Валовая прибыль (I р.-II р.)
A39: IV. | B39: Внереализационные доходы и расходы (сальдо)
A40: 1. | B40: Внереализационные доходы, всего
B41: в том числе
A42: 1.1. | B42: Доходы от участия в других организациях (дивиденды от ДЗО)
A43: 1.2. | B43: Проценты от размещения средств
A44: 2. | B44: Внереализационные расходы, всего
B45: в том числе
A46: 2.1. | B46: Проценты по обслуживанию кредитов
A47: V. | B47: Прибыль до налоообложения (III + IV)
A48: VI. | B48: Налог на прибыль
A49: VII. | B49: Чистая прибыль
A50: VIII. | B50: Направления использования чистой прибыли
B51: в том числе:
A52: 1. | B52: Фонд накопления
A53: 2. | B53: Резервный фонд
A54: 3. | B54: Выплата дивидендов
A55: 4. | B55: Прочие расходы из прибыли
A56: IX. | B56: Изменение дебиторской задолженности
A57: 1. | B57: Увеличение дебиторской задолженности
A58: 2. | B58: Сокращение дебиторской задолженности
B59: Сальдо (+увеличение; -сокращение)
A60: X. | B60: Изменение кредиторской задолженности
A61: 1. | B61: Увеличение кредиторской задолженности
A62: 2. | B62: Сокращение кредиторской задолженности
B63: Сальдо (+увеличение; -сокращение)
A64: XI. | B64: Привлечение заемных средств
B65: в том числе на:
A66: 1. | B66: Финансирование инвестиционной программы
A67: 1.1. | B67: в т.ч. в части ДПМ*
A68: 2. | B68: Прочие цели (расшифровка)
A69: XII. | B69: Погашение заемных средств
B70: в том числе по:
A71: 1. | B71: Инвестиционной программе
A72: 1.1. | B72: в т.ч. в части ДПМ*
A73: 2. | B73: Прочие цели (расшифровка)
A74: XIII. | B74: Возмещаемый НДС (поступления)
A75: XIV. | B75: Купля/продажа активов
A76: 1. | B76: Покупка активов (акций, долей и т.п.)
A77: 2. | B77: Продажа активов (акций, долей и т.п.)
A78: XV. | B78: Средства, полученные от допэмиссии акций
A79: XVI. | B79: Капитальные вложения
B80: в т.ч. в части ДПМ*
A81: XVI. | B81: Всего поступления ( I р.+ 1п. IV р. + 2 п. IX р. + 1 п. X р. + XI р. + XIII р. + 2п.XIV р. + XV р.)
A82: XVII. | B82: Всего расходы (II р. - 3п. II р. + 2п. IV р. + 1 п. IX р. + 2 п. X р. + VI р. + VIII р. + XII р. + 1 п. XIV р.+ XVI р.)
B83: Сальдо (+профицит; - дефицит) (XVI р. - XVII р.)
B85: Справочно:
A86: 1. | B86: EBITDA
A87: 2. | B87: Долг на конец периода
A88: 3. | B88: Прогноз тарифов
A90: *заполняется ОГК/ТГК

Sheet приложение 4.2
H2: Приложение № 4.2
H3: к приказу Минэнерго России
H4: от «24» марта 2010 г. № 114
A6: Источники финансирования инвестиционных программ (в прогнозных ценах соответствующих лет без НДС ), млн. рублей по МУП Грязовецкая ЭТС на 2015-2019 г.
H8: Утверждаю
H9: Директор МУП Грязовецкая ЭТС
H11: С.Г.Шалашов
H12: 6 нобря 2014 года
H13: М.П.
A15: №№ | B15: Источник финансирования | C15: План 2015 года | D15: План 2016 года | E15: План 2017 года | F15: План 2018 года | G15: План 2019 года | H15: Итого
A16: 1 | B16: Собственные средства | C16: =C17+C24 -> 1.14284 | D16: =D17+D24 -> 0.968743 | E16: =E17+E24 -> 0.429002 | F16: =F17+F24 -> 0.608397 | G16: =G17+G24 -> 0.461502 | H16: =SUM(C16:G16) -> 3.610484
A17: 1.1. | B17: Прибыль, направляемая на инвестиции: | C17: 0 | D17: 0 | E17: 0 | F17: 0 | G17: 0 | H17: =C17+D17+E17 -> 0
A18: 1.1.1. | B18: в т.ч. инвестиционная составляющая в тарифе
A19: 1.1.2. | B19: в т.ч. прибыль со свободного сектора
A20: 1.1.3. | B20: в т.ч. от технологического присоединения (для электросетевых компаний)
A21: 1.1.3.1. | B21: в т.ч. от технологического присоединения генерации
A22: 1.1.3.2. | B22: в т.ч. от технологического присоединения потребителей
A23: 1.1.4. | B23: Прочая прибыль
A24: 1.2. | B24: Амортизация | C24: 1.14284 | D24: 0.968743 | E24: 0.429002 | F24: 0.608397 | G24: 0.461502 | H24: =SUM(C24:G24) -> 3.610484
A25: 1.2.1. | B25: Амортизация, учтенная в тарифе | C25: 1.14284 | D25: 0.968743 | E25: 0.429002 | F25: 0.608397 | G25: 0.461502 | H25: =SUM(C25:G25) -> 3.610484
A26: 1.2.2. | B26: Прочая амортизация
A27: 1.2.3. | B27: Недоиспользованная амортизация прошлых лет
A28: 1.3. | B28: Возврат НДС
A29: 1.4. | B29: Прочие собственные средства
A30: 1.4.1. | B30: в т.ч. средства допэмиссии
A31: 1.5. | B31: Остаток собственных средств на начало года
A32: 2. | B32: Привлеченные средства, в т.ч.:
A33: 2.1. | B33: Кредиты
A34: 2.2. | B34: Облигационные займы
A35: 2.3. | B35: Займы организаций
A36: 2.4. | B36: Бюджетное финансирование
A37: 2.5. | B37: Средства внешних инвесторов
... A39: 2.7. | B39: Прочие привлеченные средства
B40: ВСЕГО источников финансирования
B41: для ОГК/ТГК, в том числе
B42: ДПМ
B43: вне ДПМ
A45: * план, в соответствии с утвержденной инвестиционной программой, указать кем и когда утверждена инвестиционная программа
A46: ** - для сетевых компаний, переодящих на метод тарифного регулирования RAB, горизонт планирования может быть больше

Sheet приложение 4.3
G1: Приложение № 4.3
G2: к приказу Минэнерго России
G3: от «___»________2010 г. №____
A5: Финансовая модель (в разрезе каждого юридического лица группы/по конечным видам выпускаемой продукции) по годам до 2020 года включительно
G7: Утверждаю
G8: руководитель организации
G10: (подпись)
G11: «___»________ 20__ года
G12: М.П.
B14: N | C14: N+1 | D14: N+2 | E14: . . . | F14: 2020 | G14: Итого
A15: Выручка
A16: Продукт 1
A17: Продукт 2
A18: Продукт 3
A19: Обслуживание
A20: Прочее
A21: Себестоимость
A22: Прямая себестоимость
A23: Продукт 1
A24: Продукт 2
A25: Продукт 3
A26: Обслуживание
... A74: Кредиты на конец

Sheet приложение 5
F2: Приложение № 5
F3: к приказу Минэнерго России
F4: от «___»________2010 г. №____
A6: Отчет об исполнении финансового плана (заполняется по финансированию)
F8: Утверждаю
E9: Директор МУП "ЭТС"
F10: С.Г.Шалашов
F11: (подпись)
F12: « 6 »ноября 2014 года
F13: М.П.
F15: млн. рублей
A16: № п/п | B16: Показатели | C16: год 2012 | E16: год 2013
C17: план | D17: факт | E17: план | F17: факт
A18: 1 | B18: 2 | C18: 3 | D18: 4 | E18: 5 | F18: 6
A19: I. | B19: Выручка от реализации товаров (работ, услуг), всего | D19: 37.994355 | F19: 41.052007
B20: в том числе:
A21: 1.1. | B21: Выручка от основной деятельности (расшифровать по видам регулируемой деятельности) | D21: 37.994355 | F21: 41.052007
A22: 1.2. | B22: Выручка от прочей деятельности (расшифровать)
A23: II. | B23: Расходы по текущей деятельности, всего | D23: 36.024958 | F23: 41.607571
A24: 1. | B24: Материальные расходы, всего | D24: 1.470424 | F24: 1.561878
B25: в том числе:
A26: 1.1. | B26: Топливо | D26: 0.55163 | F26: 0.615585
A27: 1.2. | B27: Сырье, материалы, запасные части, инструменты | D27: 0.60266 | F27: 0.639958
A28: 1.3. | B28: Покупная электроэнергия | D28: 0.08939 | F28: 0.076733
A29: 2. | B29: Расходы на оплату труда с учетом ЕСН | D29: 9.731541 | F29: 9.278163
A30: 3. | B30: Амортизационные отчисления | D30: 0.814706 | F30: 0.956739
A31: 4. | B31: Налоги и сборы, всего | D31: 0.058619 | F31: 0.047592
A32: 5. | B32: Прочие расходы, всего | D32: 23.949668 | F32: 29.763198
B33: в том числе:
A34: 5.1. | B34: Ремонт основных средств | D34: 0.829013 | F34: 0.63236
A35: 5.3. | B35: Платежи по аренде и лизингу
A36: 5.4. | B36: Инфраструктурные платежи рынка
A37: III. | B37: Валовая прибыль (I р.-II р.) | D37: =D19-D23 -> 1.969397 | F37: =F19-F23 -> -0.555564
A38: IV. | B38: Внереализационные доходы и расходы (сальдо)
A39: 1. | B39: Внереализационные доходы, всего
B40: в том числе
A41: 1.1. | B41: Доходы от участия в других организациях (дивиденды от ДЗО)
A42: 1.2. | B42: Проценты от размещения средств
A43: 2. | B43: Внереализационные расходы, всего
B44: в том числе
A45: 2.1. | B45: Проценты по обслуживанию кредитов
A46: V. | B46: Прибыль до налоообложения (III + IV) | D46: =D37 -> 1.969397 | F46: =F37 -> -0.555564
A47: VI. | B47: Налог на прибыль | D47: 0 | F47: 0
A48: VII. | B48: Чистая прибыль
A49: VIII. | B49: Направления использования чистой прибыли | D49: 1.969397 | F49: 0.220525
B50: в том числе:
A51: 1. | B51: Фонд накопления
A52: 2. | B52: Резервный фонд
A53: 3. | B53: Выплата дивидендов
A54: 4. | B54: Прочие расходы из прибыли | D54: =D46 -> 1.969397 | F54: 0.220525
A55: IX. | B55: Изменение дебиторской задолженности
A56: 1. | B56: Увеличение дебиторской задолженности | D56: 0.517695
A57: 2. | B57: Сокращение дебиторской задолженности | F57: 0.021098
B58: Сальдо (+увеличение; -сокращение) | D58: 0.517695 | F58: -0.021098
A59: X. | B59: Изменение кредиторской задолженности
A60: 1. | B60: Увеличение кредиторской задолженности | F60: 2.292358
A61: 2. | B61: Сокращение кредиторской задолженности | D61: 0.041391
B62: Сальдо (+увеличение; -сокращение) | D62: 0.041391 | F62: -2.292358
A63: XI. | B63: Привлечение заемных средств
B64: в том числе на:
A65: 1. | B65: Финансирование инвестиционной программы
A66: 1.1. | B66: в т.ч. в части ДПМ*
A67: 2. | B67: Прочие цели (расшифровка)
A68: XII. | B68: Погашение заемных средств
B69: в том числе по:
A70: 1. | B70: Инвестиционной программе
A71: 1.1. | B71: в т.ч. в части ДПМ*
A72: 2. | B72: Прочие цели (расшифровка)
A73: XIII. | B73: Возмещаемый НДС (поступления) | D73: 2.787129 | F73: 3.599718
A74: XIV. | B74: Купля/продажа активов
A75: 1. | B75: Покупка активов (акций, долей и т.п.)
A76: 2. | B76: Продажа активов (акций, долей и т.п.)
A77: XV. | B77: Средства, полученные от допэмиссии акций
A78: XVI. | B78: Капитальные вложения | D78: 0.815679 | F78: 1.824481
B79: в т.ч. в части ДПМ*
A80: XVI. | B80: Всего поступления ( I р.+ 1п. IV р. + 2 п. IX р. + 1 п. X р. + XI р. + XIII р. + 2п.XIV р. + XV р.) | D80: =D19+D39+D57+D60+D63+D73+D76+D77 -> 40.781484 | F80: =F19+F39+F57+F60+F63+F73+F76+F77 -> 46.965181
A81: XVII. | B81: Всего расходы (II р. - 3п. II р. + 2п. IV р. + 1 п. IX р. + 2 п. X р. + VI р. + VIII р. + XII р. + 1 п. XIV р.+ XVI р.) | D81: =D23-D30+D43+D56+D61+D47+D49+D68+D75+D78 -> 38.554414 | F81: =F23-F30+F43+F56+F61+F47+F49+F68+F75+F78 -> 42.695838
B82: Сальдо (+профицит; - дефицит) (XVI р. - XVII р.) | D82: =D80-D81 -> 2.22707 | F82: =F80-F81 -> 4.269343
B84: Справочно:
A85: 1. | B85: EBITDA
A86: 2. | B86: Долг на конец периода
A87: 3. | B87: Уровень тарифов
A89: *заполняется ОГК/ТГК

Sheet приложение 6.1
M2: Приложение № 6.1
M3: к приказу Минэнерго России
M4: от «___»________2010 г. №____
A7: Отчет об исполнении инвестиционной программы за 2017 год по МУП Грязовецкие Электросети, млн. рублей без НДС (представляется ежегодно)
M9: Утверждаю
M10: Директор МУП Грязовецкие Электросети
M11: ____________________В.В.Перунов
M12: (подпись)
M13: 20 января 2017 года
M14: М.П.
A16: №№ | B16: Наименование объекта | C16: Остаток стоимости на начало года * | D16: Объем финансирования [отчетный год] | F16: Освоено (закрыто актами выполненных работ) млн.рублей | G16: Введено (оформлено актами ввода в эксплуатацию) млн.рублей | H16: Осталось профинансировать по результатам отчетного периода * | I16: Отклонение *** | M16: Причины отклонений
I17: млн.рублей | J17: % | K17: в том числе за счет
D18: план** | E18: факт*** | K18: уточнения стоимости по результатам утвержденной ПСД | L18: уточнения стоимости по результатм закупочных процедур
B19: ВСЕГО, | C19: =C20+C37 -> 0 | D19: =D20+D37 -> 0 | E19: =E20+E37 -> 0 | F19: =F20+F37 -> 0 | G19: =G20+G37 -> 0 | H19: =H20+H37 -> 0 | I19: =I20+I37 -> 0
A20: 1. | B20: Техническое перевооружение и реконструкция | C20: =C21 -> 0 | D20: =D21 -> 0 | E20: =E21 -> 0 | F20: =F21 -> 0 | G20: =G21 -> 0 | H20: =H21 -> 0 | I20: =I21 -> 0
A21: 1.1. | B21: Энергосбережение и повышение энергетической эффективности | C21: =SUM(C22:C23) -> 0 | D21: =SUM(D22:D23) -> 0 | E21: =SUM(E22:E23) -> 0 | F21: =SUM(F22:F23) -> 0 | G21: =SUM(G22:G23) -> 0 | H21: =SUM(H22:H23) -> 0 | I21: =SUM(I22:I23) -> 0
A24: …
A25: 1.2. | B25: Создание систем противоаварийной и режимной автоматики
A26: 1 | B26: Объект 1
A27: 2 | B27: Объект 2
A28: …
A29: 1.3. | B29: Создание систем телемеханики и связи
A30: 1 | B30: Объект 1
A31: 2 | B31: Объект 2
A32: …
A33: 1.4. | B33: Установка устройств регулирования напряжения и компенсации реактивной мощности
A34: 1 | B34: Объект 1
A35: 2 | B35: Объект 2
A36: …
A37: 2. | B37: Новое строительство | C37: =C42 -> 0 | D37: =D42 -> 0 | E37: =E42 -> 0 | F37: =F42 -> 0 | G37: =G42 -> 0 | H37: =H42 -> 0 | I37: =I42 -> 0
A38: 2.1. | B38: Энергосбережение и повышение энергетической эффективности
A39: 1 | B39: Объект 1
A40: 2 | B40: Объект 2
A41: …
A42: 2.2. | B42: Прочее новое строительство | C42: =SUM(C43:C51) -> 0 | D42: =SUM(D43:D51) -> 0 | E42: =SUM(E43:E51) -> 0 | F42: =SUM(F43:F51) -> 0 | G42: =SUM(G43:G51) -> 0 | H42: =SUM(H43:H51) -> 0 | I42: =SUM(I43:I51) -> 0
A52: …
A53: Справочно:
B54: Оплата процентов за привлеченные кредитные ресурсы
A55: 1 | B55: Объект 1
A56: 2 | B56: Объект 2
A57: …
B59: * - в ценах отчетного года
B60: ** - план, согласно утвержденной инвестиционной программе
B61: *** - накопленным итогом за год
B63: Примечание: для сетевых объектов с разделением объектов на ПС, ВЛ и КЛ

Sheet приложение 6.2
E2: Приложение № 6.2
E3: к приказу Минэнерго России
E4: от «___»________2010 г. №____
A6: Отчет об источниках финансирования инвестиционной прогаммы МУП Грязовецкие Электросети за 2017 год млн. рублей (представляется ежегодно)
E7: Утверждаю
E8: Директор МУП Грязовецкие Электросети
E9: ____________________В.В.Перунов
E10: (подпись)
E11: 20 января 2017 года
E12: М.П.
A14: №№ | B14: Источник финансирования | C14: Объем финансирования [отчетный год] | E14: Причины отклонений
C16: план* | D16: факт**
A17: 1 | B17: Собственные средства | C17: ='приложение8 (квартал)'!C18 -> 0.429002 | D17: ='приложение8 (квартал)'!D18 -> 0.1828
A18: 1.1. | B18: Прибыль, направляемая на инвестиции: | C18: ='приложение8 (квартал)'!C19 -> 0 | D18: ='приложение8 (квартал)'!D19 -> 0
A19: 1.1.1. | B19: в т.ч. инвестиционная составляющая в тарифе
A20: 1.1.2. | B20: в т.ч. прибыль со свободного сектора
A21: 1.1.3. | B21: в т.ч. от технологического присоединения (для электросетевых компаний) | C21: ='приложение8 (квартал)'!C22 -> 0 | D21: ='приложение8 (квартал)'!D22 -> 0
A22: 1.1.3.1. | B22: в т.ч. от технологического присоединения генерации
A23: 1.1.3.2. | B23: в т.ч. от технологического присоединения потребителей | C23: ='приложение8 (квартал)'!C24 -> 0 | D23: ='приложение8 (квартал)'!D24 -> 0
A24: 1.1.4. | B24: Прочая прибыль
A25: 1.2. | B25: Амортизация | C25: ='приложение8 (квартал)'!C26 -> 0.429002 | D25: ='приложение8 (квартал)'!D26 -> 0.1828
A26: 1.2.1. | B26: Амортизация, учтенная в тарифе | C26: ='приложение8 (квартал)'!C27 -> 0.429002 | D26: ='приложение8 (квартал)'!D27 -> 0.1828
A27: 1.2.2. | B27: Прочая амортизация | C27: ='приложение8 (квартал)'!C28 -> 0
A28: 1.2.3. | B28: Недоиспользованная амортизация прошлых лет
A29: 1.3. | B29: Возврат НДС
A30: 1.4. | B30: Прочие собственные средства
A31: 1.4.1. | B31: в т.ч. средства допэмиссии
A32: 1.5. | B32: Остаток собственных средств на начало года
A33: 2. | B33: Привлеченные средства, в т.ч.:
A34: 2.1. | B34: Кредиты
A35: 2.2. | B35: Облигационные займы
A36: 2.3. | B36: Займы организаций
A37: 2.4. | B37: Бюджетное финансирование
A38: 2.5. | B38: Средства внешних инвесторов
A39: 2.6. | B39: Использование лизинга
A40: 2.7. | B40: Прочие привлеченные средства
B41: ВСЕГО источников финансирования
B42: для ОГК/ТГК, в том числе
B43: ДПМ
B44: вне ДПМ
A46: * план в соответствии с утвержденной инвестиционной программой
A47: ** накопленным итогом за год

Sheet приложение 6.3
F2: Приложение № 6.3
F3: к приказу Минэнерго России
F4: от «___»________2010 г. №____
A6: Отчет о вводах/выводах объектов по МУП Грязовецкие Элекросети за 2017 год (предоставляется ежегодно)
F9: Утверждаю
F10: Директор МУП Грязовецкие Электросети
F11: ____________________В.В.Перунов
F12: (подпись)
F13: 20 января 2017 года
F14: М.П.
A16: № п/п | B16: Наименование проекта | C16: Ввод мощностей | E16: Вывод мощностей
C17: план* | D17: факт | E17: план* | F17: факт
C18: МВт, Гкал/час, км, МВА | D18: МВт, Гкал/час, км, МВА | E18: МВт, Гкал/час, км, МВА | F18: МВт, Гкал/час, км, МВА
A19: 1 | B19: 2 | C19: 3 | D19: 4 | E19: 5 | F19: 6
B33: * план в соответствии с утвержденной инвестиционной программой

Sheet приложение 7.1(квартал
W2: Приложение № 7.1
W3: к приказу Минэнерго России
W4: от «___»________2010 г. №____
A6: Отчет об исполнении инвестиционной программы за 3-й квартал 2017 года по МУП" Грязовецкие Электросети", млн. рублей без НДС (представляется ежеквартально).
W7: Утверждаю
W8: Директор МУП Грязовецкие Электросети
W9: ____________________В.В.Перунов
W10: (подпись)
W11: «5» октября 2017 года
W12: М.П.
A14: №№ | B14: Наименование объекта | C14: Остаток стоимости на начало года * | D14: Объем финансирования [отчетный год] | N14: Освоено (закрыто актами выполненных работ) млн.рублей | P14: Введено оформлено актами ввода в эксплуатацию) млн.рублей | R14: Осталось профинансировать по результатам отчетного периода * | S14: Отклонение *** | W14: Причины отклонений
D15: всего | F15: 1 кв | H15: 2 кв | J15: 3 кв | L15: 4 кв | S15: млн.рублей | T15: % | U15: в том числе за счет
D16: план** | E16: факт*** | F16: план | G16: факт | H16: план | I16: факт | J16: план | K16: факт | L16: план | M16: факт | N16: всего | O16: за отчетный квартал | P16: всего | Q16: за отчетный квартал | U16: уточнения стоимости по результатам утвержденной ПСД | V16: уточнения стоимости по результатм закупочных процедур
B17: ВСЕГО, | C17: =C18+C29 -> 0 | D17: =D18+D29 -> 0.429002 | E17: =E18+E29 -> 0.1828 | F17: =F18+F29 -> 0 | G17: =G18+G29 -> 0.0202 | H17: =H18+H29 -> 0.283619 | I17: =I18+I29 -> 0.069858 | J17: =J18+J29 -> 0.145383 | ... R17: =R18+R29 -> 0
A18: 1. | B18: Техническое перевооружение и реконструкция | C18: =C19+C23+C25+C27 -> 0 | D18: =D19+D23+D25+D27 -> 0.429002 | E18: =E19+E23+E25+E27 -> 0 | F18: =F19+F23+F25+F27 -> 0 | G18: =G19+G23+G25+G27 -> 0 | H18: =H19+H23+H25+H27 -> 0.283619 | I18: =I19+I23+I25+I27 -> 0 | J18: =J19+J23+J25+J27 -> 0.145383 | ... P18: =P19+P23+P25+P27 -> 0 | Q18: =Q19+R23+Q25+Q27 -> 0 | R18: =R19+S23+R25+R27 -> 0
A19: 1.1. | B19: Энергосбережение и повышение энергетической эффективности | C19: =SUM(C20:C22) -> 0 | D19: =SUM(D20:D22) -> 0.429002 | E19: =SUM(E20:E22) -> 0 | F19: =SUM(F20:F22) -> 0 | G19: =SUM(G20:G22) -> 0 | H19: =SUM(H20:H22) -> 0.283619 | I19: =SUM(I20:I22) -> 0 | J19: =SUM(J20:J22) -> 0.145383 | ... R19: =SUM(R20:R22) -> 0
A20: 1 | B20: Замена перехода через дорогу ул.Ленина ВЛ - 10 кВ ф.Онега | C20: 0 | D20: =F20+H20+J20+L20 -> 0.145383 | E20: =G20+I20+K20+M20 -> 0 | F20: 0 | H20: 0 | J20: 0.145383 | L20: 0 | N20: =E20 -> 0 | O20: 0 | P20: 0 | Q20: 0
A21: 2 | B21: Замена ВЛ - 0,4 кВ с ТП- 35 выход "Дома МКСО" | C21: 0 | D21: =F21+H21+J21+L21 -> 0.283619 | E21: =G21+I21+K21+M21 -> 0 | F21: 0 | H21: 0.283619 | J21: 0 | L21: 0 | N21: =E21 -> 0 | O21: 0 | Q21: 0
A23: 1.2. | B23: Создание систем противоаварийной и режимной автоматики | C23: =SUM(C24:C24) -> 0 | D23: =SUM(D24:D24) -> 0 | E23: =SUM(E24:E24) -> 0 | F23: =SUM(F24:F24) -> 0 | G23: =SUM(G24:G24) -> 0 | H23: =SUM(H24:H24) -> 0 | I23: =SUM(I24:I24) -> 0 | J23: =SUM(J24:J24) -> 0 | ... R23: =SUM(R24:R24) -> 0
A25: 1.3. | B25: Создание систем телемеханики и связи | C25: =SUM(C26:C26) -> 0 | D25: =SUM(D26:D26) -> 0 | E25: =SUM(E26:E26) -> 0 | F25: =SUM(F26:F26) -> 0 | G25: =SUM(G26:G26) -> 0 | H25: =SUM(H26:H26) -> 0 | I25: =SUM(I26:I26) -> 0 | J25: =SUM(J26:J26) -> 0 | ... R25: =SUM(R26:R26) -> 0
A27: 1.4. | B27: Установка устройств регулирования напряжения и компенсации реактивной мощности | C27: =SUM(C28:C28) -> 0 | D27: =SUM(D28:D28) -> 0 | E27: =SUM(E28:E28) -> 0 | F27: =SUM(F28:F28) -> 0 | G27: =SUM(G28:G28) -> 0 | H27: =SUM(H28:H28) -> 0 | I27: =SUM(I28:I28) -> 0 | J27: =SUM(J28:J28) -> 0 | ... R27: =SUM(R28:R28) -> 0
A29: 2. | B29: Новое строительство | C29: =C30+C33 -> 0 | D29: =D30+D33 -> 0 | E29: =E30+E33 -> 0.1828 | F29: =F30+F33 -> 0 | G29: =G30+G33 -> 0.0202 | H29: =H30+H33 -> 0 | I29: =I30+I33 -> 0.069858 | J29: =J30+J33 -> 0 | ... R29: =R30+R33 -> 0
A30: 2.1. | B30: Энергосбережение и повышение энергетической эффективности | C30: =SUM(C31:C32) -> 0 | D30: =SUM(D31:D32) -> 0 | E30: =SUM(E31:E32) -> 0 | F30: =SUM(F31:F32) -> 0 | G30: =SUM(G31:G32) -> 0 | H30: =SUM(H31:H32) -> 0 | I30: =SUM(I31:I32) -> 0 | J30: =SUM(J31:J32) -> 0 | ... R30: =SUM(R31:R32) -> 0
A32: …
A33: 2.2. | B33: Прочее новое строительство | C33: =SUM(C34:C39) -> 0 | D33: =SUM(D34:D39) -> 0 | E33: =SUM(E34:E39) -> 0.1828 | F33: =SUM(F34:F39) -> 0 | G33: =SUM(G34:G39) -> 0.0202 | H33: =SUM(H34:H39) -> 0 | I33: =SUM(I34:I39) -> 0.069858 | J33: =SUM(J34:J39) -> 0 | ... R33: =SUM(R34:R39) -> 0
A34: 1 | B34: Монтаж ВЛИ - 0,4 кВ к ж.д. пер.Дальний с КТП -12 по договору на ТП № 15 | C34: 0 | D34: 0 | E34: =G34+I34+K34+M34 -> 0.0202 | F34: 0 | G34: 0.0202 | H34: 0 | J34: 0 | L34: 0 | N34: =E34 -> 0.0202 | O34: 0 | P34: 0.0202 | Q34: 0
A35: 2 | B35: Монтаж ВЛИ - 0,4 кВ к ж.д.по ул.Маяковского по договору на ТП №26 | C35: 0 | D35: 0 | E35: =G35+I35+K35+M35 -> 0.050801 | F35: 0 | H35: 0 | I35: 0.050801 | J35: 0 | L35: 0 | N35: =E35 -> 0.050801 | O35: 0 | P35: 0.050801 | Q35: 0
A36: 3 | B36: Монтаж ВЛИ - 0,4 кВ к ж.д.по ул.Самарина 57а по договору на ТП №13 | C36: 0 | D36: 0 | E36: =G36+I36+K36+M36 -> 0.019057 | F36: 0 | H36: 0 | I36: 0.019057 | J36: 0 | L36: 0 | N36: =E36 -> 0.019057 | O36: 0 | P36: 0.019057 | Q36: 0
A37: 4 | B37: Монтаж ВЛИ 0,4 кВ с ТП 48 на ТП 23 | C37: 0 | D37: 0 | E37: =G37+I37+K37+M37 -> 0.036295 | F37: 0 | H37: 0 | J37: 0 | K37: 0.036295 | L37: 0 | N37: 0.036295 | O37: 0.036295 | P37: 0.036295 | Q37: 0.036295
A38: 5 | B38: Монтаж ВЛИ - 0,4 кВ с КТП - 56 к дачному уч-ку с/т "Солнечный" по договору на ТП № 23 | C38: 0 | D38: 0 | E38: =G38+I38+K38+M38 -> 0.056447 | F38: 0 | H38: 0 | J38: 0 | K38: 0.056447 | L38: 0 | N38: 0.056447 | O38: 0.056447 | P38: 0.056447 | Q38: 0.056447
A39: …
A40: Справочно:
B41: Оплата процентов за привлеченные кредитные ресурсы
A43: …
B45: * - в ценах отчетного года
B46: ** - план, согласно утвержденной инвестиционной программе
B47: *** - накопленным итогом за год
B49: Примечание: для сетевых объектов с разделением объектов на ПС, ВЛ и КЛ

Sheet приложение 7.2(квартал)
AJ1: Приложение № 7.2
AJ2: к приказу Минэнерго России
AJ3: от «___»________2010 г. №____
A6: Отчет об исполнении основных этапов работ по реализации инвестиционной программы компании МУП "ГрязовецкиеЭлектросети" за 3 квартал 2017 г. без НДС (представляется ежеквартально)
AJ9: Утверждаю
AJ10: Директор МУП Грязовецкие Электросети
AJ11: ____________________В.В.Перунов
AJ12: (подпись)
AJ13: «5» октября 2017 года
AJ14: М.П.
A16: №№ | B16: Наименование объекта* | C16: Плановый объем финансирования, млн. руб.* | H16: Фактически профинансировано, млн. руб. | M16: Оклонение фактической стоимости работ от плановой стоимости, млн. руб. | R16: Фактически освоено (закрыто актами выполненных работ), млн. руб. | W16: Технические характеристики созданных объектов
W17: Генерирующие объекты | AA17: Подстанции | AE17: Линии электропередачи | AJ17: Иные объекты
C18: Всего | D18: ПИР | E18: СМР | F18: оборудование и материалы | G18: прочие | H18: Всего | I18: ПИР | J18: СМР | K18: оборудование и материалы | L18: прочие | M18: Всего | N18: ПИР | O18: СМР | P18: оборудование и материалы | Q18: прочие | R18: Всего | S18: ПИР | T18: СМР | U18: оборудование и материалы | V18: прочие | W18: год ввода в эксплуатацию | X18: Нормативный срок службы, лет | Y18: мощность, МВт | Z18: тепловая энергия, Гкал/час | AA18: год ввода в эксплуатацию | AB18: Нормативный срок службы, лет | AC18: Количество и марка силовых трансформаторов, шт | AD18: Мощность, МВА | AE18: год ввода в эксплуа-тацию | AF18: Нормативный срок службы, лет | AG18: Тип опор | AH18: Марка кабеля | AI18: протяженность, км
B19: ВСЕГО, | C19: =C20+C31 -> 0.429002 | E19: =E20+E31 -> 0.429002 | H19: =H20+H31 -> 0.1828 | J19: =J20+J31 -> 0.1828 | R19: =R20+R31 -> 0.1828 | T19: =T20+T31 -> 0.1828
A20: 1 | B20: Техническое перевооружение и реконструкция | C20: =C21+C25+C27+C29 -> 0.429002 | E20: =E21+E25+E27+E29 -> 0.429002 | H20: =H21+H25+H27+H29 -> 0 | J20: =J21+J25+J27+J29 -> 0 | R20: =R21+R25+R27+R29 -> 0 | T20: =T21+T25+T27+T29 -> 0
A21: 1.1. | B21: Энергосбережение и повышение энергетической эффективности | C21: =SUM(C22:C24) -> 0.429002 | E21: =SUM(E22:E24) -> 0.429002 | H21: =SUM(H22:H24) -> 0 | J21: =SUM(J22:J24) -> 0 | R21: =SUM(R22:R24) -> 0 | T21: =SUM(T22:T24) -> 0
A22: 1 | B22: Замена перехода через дорогу ул.Ленина ВЛ - 10 кВ ф.Онега | C22: 0.145383 | E22: 0.145383 | H22: 0 | J22: 0 | R22: 0 | T22: 0
A23: 2 | B23: Замена ВЛ - 0,4 кВ с ТП- 35 выход "Дома МКСО" | C23: 0.283619 | E23: 0.283619 | H23: 0 | J23: 0 | R23: 0 | T23: 0
A24: … | B24: …
A25: 1.2. | B25: Создание систем противоаварийной и режимной автоматики | C25: =SUM(C26:C26) -> 0 | E25: =SUM(E26:E26) -> 0 | H25: =SUM(H26:H26) -> 0 | J25: =SUM(J26:J26) -> 0 | R25: =SUM(R26:R26) -> 0 | T25: =SUM(T26:T26) -> 0
A27: 1.3. | B27: Создание систем телемеханики и связи | C27: =SUM(C28:C28) -> 0 | E27: =SUM(E28:E28) -> 0 | H27: =SUM(H28:H28) -> 0 | J27: =SUM(J28:J28) -> 0 | R27: =SUM(R28:R28) -> 0 | T27: =SUM(T28:T28) -> 0
A29: 1.4. | B29: Установка устройств регулирования напряжения и компенсации реактивной мощности | C29: =SUM(C30:C30) -> 0 | E29: =SUM(E30:E30) -> 0 | H29: =SUM(H30:H30) -> 0 | J29: =SUM(J30:J30) -> 0 | R29: =SUM(R30:R30) -> 0 | T29: =SUM(T30:T30) -> 0
A31: 2. | B31: Новое строительство | C31: =C32+C35 -> 0 | E31: =E32+E35 -> 0 | H31: =H32+H35 -> 0.1828 | J31: =J32+J35 -> 0.1828 | R31: =R32+R35 -> 0.1828 | T31: =T32+T35 -> 0.1828
A32: 2.1. | B32: Энергосбережение и повышение энергетической эффективности | C32: =SUM(C33:C34) -> 0 | E32: =SUM(E33:E34) -> 0 | H32: =SUM(H33:H34) -> 0 | J32: =SUM(J33:J34) -> 0 | R32: =SUM(R33:R34) -> 0 | T32: =SUM(T33:T34) -> 0
A35: 2.2. | B35: Прочее новое строительство | C35: =SUM(C36:C41) -> 0 | E35: =SUM(E36:E41) -> 0 | H35: =SUM(H36:H41) -> 0.1828 | J35: =SUM(J36:J41) -> 0.1828 | R35: =SUM(R36:R41) -> 0.1828 | T35: =SUM(T36:T41) -> 0.1828
A36: 1 | B36: Монтаж ВЛИ - 0,4 кВ к ж.д. пер.Дальний с КТП -12 по договору на ТП № 15 | C36: 0 | E36: 0 | H36: 0.0202 | J36: 0.0202 | R36: 0.0202 | T36: 0.0202 | AE36: 2017 | AF36: 15 лет | AG36: дерев. пропит | AH36: СИП 4х25 | AI36: 0.04
A37: 2 | B37: Монтаж ВЛИ - 0,4 кВ к ж.д.по ул.Маяковского по договору на ТП №26 | C37: 0 | E37: 0 | H37: 0.050801 | J37: 0.050801 | R37: 0.050801 | T37: 0.050801 | AE37: 2017 | AF37: 15 лет | AG37: дерев. пропит | AH37: СИП 4х25 | AI37: 0.085
A38: 3 | B38: Монтаж ВЛИ - 0,4 кВ к ж.д.по ул.Самарина 57а по договору на ТП №13 | C38: 0 | E38: 0 | H38: 0.019057 | J38: 0.019057 | R38: 0.019057 | T38: 0.019057 | AE38: 2017 | AF38: 15 лет | AG38: дерев. пропит | AH38: СИП 4х25 | AI38: 0.043
A39: 4 | B39: Монтаж ВЛИ 0,4 кВ с ТП 48 на ТП 23 (участок линии) | C39: 0 | E39: 0 | H39: 0.036295 | J39: 0.036295 | R39: 0.036295 | T39: 0.036295 | AE39: 2017 | AF39: 20 лет | AG39: ж/б | AH39: СИП 2 3х70+1х70 | AI39: 0.108
A40: 5 | B40: Монтаж ВЛИ - 0,4 кВ с КТП - 56 к дачному уч-ку с/т "Солнечный" по договору на ТП № 23 | C40: 0 | E40: 0 | H40: 0.056447 | J40: 0.056447 | R40: 0.056447 | T40: 0.056447 | AE40: 2017 | AF40: 15 лет | AG40: дерев. пропит, ж/б | AH40: СИП 4х25 | AI40: 0.4
A41: …
A42: Справочно:
B43: Оплата процентов за привлеченные кредитные ресурсы
A44: …
B46: * - с разделением объектов на ПС, ВЛ и КЛ с указанием уровня напряжения
B47: ** - согласно проектно-сметной документации с учетом перевода в прогнозные цены планируемого периода с НДС

Sheet приложение8 (квартал)
M2: Приложение № 8
M3: к приказу Минэнерго России
M4: от «___»________2010 г. №____
A6: Отчет об источниках финансирования инвестиционных программ по МУП Грязовецкие Электросети за 3-й квартал 2017г млн. рублей без НДС (представляется ежеквартально)
M8: Утверждаю
M9: Директор МУП Грязовецкие Электросети
M10: _____________________В.В.Перунов
M11: (подпись)
M12: «5» октября 2017 года
M13: М.П.
A15: №№ | B15: Источник финансирования | C15: Объем финансирования [отчетный год] | M15: Причины отклонений
C16: всего | E16: 1 кв | G16: 2 кв | I16: 3 кв | K16: 4 кв
C17: план* | D17: факт** | E17: план | F17: факт | G17: план | H17: факт | I17: план | J17: факт | K17: план | L17: факт
A18: 1 | B18: Собственные средства | C18: =E18+G18+I18+K18 -> 0.429002 | D18: =F18+H18+J18+L18 -> 0.1828 | E18: =E19+E26 -> 0 | F18: =F19+F26 -> 0.0202 | G18: =G19+G26 -> 0.283619 | H18: =H19+H26 -> 0.069858 | I18: =I19+I26 -> 0.145383 | J18: =J19+J26 -> 0.092742 | K18: =K19+K26 -> 0 | L18: =L19+L26 -> 0
A19: 1.1. | B19: Прибыль, направляемая на инвестиции: | C19: =SUM(C20:C22) -> 0 | D19: =SUM(D20:D22) -> 0 | E19: =SUM(E20:E22) -> 0 | F19: =SUM(F20:F22) -> 0 | G19: =SUM(G20:G22) -> 0 | H19: =SUM(H20:H22) -> 0 | I19: =SUM(I20:I22) -> 0 | J19: =SUM(J20:J22) -> 0 | ... L19: =SUM(L20:L22) -> 0
A20: 1.1.1. | B20: в т.ч. инвестиционная составляющая в тарифе
A21: 1.1.2. | B21: в т.ч. прибыль со свободного сектора
A22: 1.1.3. | B22: в т.ч. от технологического присоединения (для электросетевых компаний)
A23: 1.1.3.1. | B23: в т.ч. от технологического присоединения генерации
A24: 1.1.3.2. | B24: в т.ч. от технологического присоединения потребителей
A25: 1.1.4. | B25: Прочая прибыль
A26: 1.2. | B26: Амортизация | C26: =SUM(C27:C29) -> 0.429002 | D26: =SUM(D27:D29) -> 0.1828 | E26: =SUM(E27:E29) -> 0 | F26: =SUM(F27:F29) -> 0.0202 | G26: =SUM(G27:G29) -> 0.283619 | H26: =SUM(H27:H29) -> 0.069858 | I26: =SUM(I27:I29) -> 0.145383 | J26: =SUM(J27:J29) -> 0.092742 | ... L26: =SUM(L27:L29) -> 0
A27: 1.2.1. | B27: Амортизация, учтенная в тарифе | C27: =E27+G27+I27+K27 -> 0.429002 | D27: =F27+H27+J27+L27 -> 0.1828 | E27: 0 | F27: 0.0202 | G27: 0.283619 | H27: 0.069858 | I27: 0.145383 | J27: 0.092742 | K27: 0
A28: 1.2.2. | B28: Прочая амортизация
A29: 1.2.3. | B29: Недоиспользованная амортизация прошлых лет
A30: 1.3. | B30: Возврат НДС
A31: 1.4. | B31: Прочие собственные средства
A32: 1.4.1. | B32: в т.ч. средства допэмиссии
A33: 1.5. | B33: Остаток собственных средств на начало года
A34: 2. | B34: Привлеченные средства, в т.ч.:
A35: 2.1. | B35: Кредиты
A36: 2.2. | B36: Облигационные займы
A37: 2.3. | B37: Займы организаций
A38: 2.4. | B38: Бюджетное финансирование
A39: 2.5. | B39: Средства внешних инвесторов
... A41: 2.7. | B41: Прочие привлеченные средства
B42: ВСЕГО источников финансирования
B43: для ОГК/ТГК, в том числе
B44: ДПМ
B45: вне ДПМ

Sheet приложение 9(квапртал)
V2: Приложение № 9
V3: к приказу Минэнерго России
V4: от «___»________2010 г. №____
A6: Отчет о вводах/выводах объектов по МУП Грязовецкие Электросети за 3-й квартал 2017г (представляется ежеквартально)
V8: Утверждаю
V9: Директор МУП Грязовецкие Электросети
V10: ______________В.В.Перунов
V11: (подпись)
V12: «5» октября 2017 года
V13: М.П.
A15: № п/п | B15: Наименование проекта | C15: Ввод мощностей | M15: Вывод мощностей
C16: план* | H16: факт | M16: план* | R16: факт
C17: МВт, Гкал/час, км, МВА | H17: МВт, Гкал/час, км, МВА | M17: МВт, Гкал/час, км, МВА | R17: МВт, Гкал/час, км, МВА
C18: 1 кв. 2009 г. | D18: 2 кв. 2009 г. | E18: 3 кв. 2009 г. | F18: 4 кв. 2009 г. | G18: 2017 | H18: 1 кв. 2009 г. | I18: 2 кв. 2009 г. | J18: 3 кв. 2009 г. | K18: 4 кв. 2009 г. | L18: 2017 | M18: 1 кв. 2009 г. | N18: 2 кв. 2009 г. | O18: 3 кв. 2009 г. | P18: 4 кв. 2009 г. | Q18: 2017 | R18: 1 кв. 2009 г. | S18: 2 кв. 2009 г. | T18: 3 кв. 2009 г. | U18: 4 кв. 2009 г. | V18: 2017
A19: 1 | B19: 2 | C19: 3 | D19: 4 | E19: 5 | F19: 6 | G19: 7 | H19: 8 | I19: 9 | J19: 10 | K19: 11 | L19: 12 | M19: 13 | N19: 14 | O19: 15 | P19: 16 | Q19: 17 | R19: 18 | S19: 19 | T19: 20 | U19: 21 | V19: 22
A20: 1 | B20: Замена перехода через дорогу ул.Ленина ВЛ - 10 кВ ф.Онега | E20: 0.07 | G20: =E20 -> 0.07 | O20: 0.07 | Q20: =O20 -> 0.07
A21: 2 | B21: Замена ВЛ - 0,4 кВ с ТП- 35 выход "Дома МКСО" | D21: 0.26 | G21: =D21 -> 0.26 | N21: 0.26 | Q21: =N21 -> 0.26
A22: 3 | B22: Монтаж ВЛИ - 0,4 кВ к ж.д. пер.Дальний с КТП -12 по договору на ТП № 15 | H22: 0.04 | L22: =SUM(H22:K22) -> 0.04
A23: 4 | B23: Монтаж ВЛИ - 0,4 кВ к ж.д.по ул.Маяковского по договору на ТП №26 | I23: 0.085 | L23: =SUM(H23:K23) -> 0.085
A24: 5 | B24: Монтаж ВЛИ - 0,4 кВ к ж.д.по ул.Самарина 57а по договору на ТП №13 | I24: 0.043 | L24: =SUM(H24:K24) -> 0.043
A25: 6 | B25: Монтаж ВЛИ 0,4 кВ с ТП 48 на ТП 23 (участок линии) | J25: 0.108 | L25: =SUM(H25:K25) -> 0.108
A26: 7 | B26: Монтаж ВЛИ - 0,4 кВ с КТП - 56 к дачному уч-ку с/т "Солнечный" по договору на ТП № 23 | J26: 0.4 | L26: =SUM(H26:K26) -> 0.4
B30: * план в соответствии с утвержденной инвестиционной программой

Sheet приложение 10
B1: Приложение № 10
B2: к приказу Минэнерго России
B3: от «___»________2010 г. №____
A5: Отчет о ходе реализации проектов (заполняется для наиболее значимых проектов*) (представляется ежеквартально)
B7: Утверждаю
B8: руководитель организации
B10: (подпись)
B11: «___»________ 20__ года
B12: М.П.
A14: Наименование объекта
A15: Местоположение объекта (субъект РФ, населенный пункт)
A16: Тип проекта | B16: [модернизация/ реконструкция/ новое строительство/расширение]
A17: Вводимая мощность (в том числе прирост)
A18: Срок ввода объекта | B18: [срок, установленный инвестиционной программой]
A19: Фактическая стадия реализации проекта на отчётную дату | B19: [проектирование/ строительство/ незавершенное строительство – приостановлено/ законсервировано]
A20: Проектная документация
A21: 1. Кем, когда принято решение о строительстве объекта (реквизиты документа)
A22: 2. Кем, когда разработана проектная документация (разработана/не разработана (фактическое состояние), наименование проектной организации, утверждена/не утверждена, год утверждения, реквизиты документа)
A23: 3. Прохождение проектной документацией государственной экспертизы, утверждение документации (утверждена/не утверждена, наименование ведомства, проводящего экспертизу, когда выдано заключение, реквизиты документа**)
A24: Землеотвод
A25: - наличие землеотвода (кем, когда утверждено, реквизиты документа)
A26: Исходно-разрешительная документация
A27: - наличие разрешения на строительство (кем, когда выдано, реквизиты документа)
A28: Прогнозное/ проектное топливо (основное и резервное) | B28: [вид, тип топлива, заключение договоров на поставку топлива]
A29: Прогнозный объем потребления топлива
A30: Топливообеспечение | B30: [наличие подтверждения возможности поставки необходимых объемов топлива, стадия согласования с поставщиком/транспортировщиком топлива, наличие каких-либо проблем с топливообеспечением объекта, наличие согласования топливного режима с указанием даты, начиная с которой подтверждено обеспечение топливом]
A31: Технологическое присоединение объекта к электрической сети:
A32: - заключение договора на технологическое присоединение (с указанием даты технологического присоединения к электрическим сетям)
A33: - разработка схемы выдачи мощности
A34: - получение технических условий на технологическое присоединение
A35: - договор на реализацию СВМ и график реализации СВМ
A36: Сметная стоимость проекта в ценах _____ года с НДС, млн. руб.
A37: Документ, в соответствии с которым определена стоимость проекта
A38: Стоимость по результатам проведенных закупок с НДС, млн. руб.
A39: Объем заключенных на отчётную дату договоров по проекту, млн. руб.
A40: в том числе
A41: - по договорам подряда (в разбивке по каждому подрядчику и по договорам):
A42: объем заключенного договора в ценах ______ года с НДС, млн. руб.
... A64: всего освоено по объекту
A65: Участники реализации инвестиционного проекта: | B65: [юридическое лицо, вид услуг/ подряда, предмет договора, дата заключения/ расторжения и номер договора/ соглашений к договору]
A66: - заказчик-застройщик
A67: - проектно-изыскательские организации
A68: - технические агенты
A69: - подрядчики
A70: - поставщики основного оборудования
A71: Перечень субподрядных организаций, участвующих в строительстве объекта
A72: Количество строительно-монтажного персонала на площадке строительства энергообъекта
A73: в том числе
A74: - строительный персонал
A75: - монтажный персонал
A76: Основное оборудование | B76: [наименование, количество, краткие технические характеристики, сроки изготовления/ поставки, место хранения]
A77: График поставки основного оборудования
A78: - дата поставки
A79: - задержки в поставке
A80: - причины задержек
A81: Фактическое состояние реализации инвестиционного проекта в срок | B81: [возможность реализации в установленный срок, отставание от установленного срока, причины отставания, возможный срок ввода объекта]
A82: Факты и события, влияющие на ход реализации проекта, проблемные вопросы: | B82: [описание факта или события, ссылки на документы, влияние факта/ события на срок реализации проекта в месяцах, принятые меры по устранению причин отставаний и выявленных нарушений, исключающие их повторение]
A83: - выявленные нарушения договоров подряда,
A84: - рекламации к заводам - изготовителям и поставщикам,
A85: - предписания надзорных органов,
A86: - дефицит источников финансирования и др.,
A87: - другое (расшифровать)
A89: * Если выполняется любой из нижеперечисленных критериев:
A90: 1. Проекты, финансируемые полностью или частично за счет средств федерального бюджета, и/или включенные в Федеральные целевые программы.
A91: 2. Объекты выдачи мощности ТЭС, ГЭС, АЭС.
A92: 3. Генерирующие объекты мощностью свыше 100 МВт.
A93: 4. Проекты, имеющие федеральное значение (объекты энергоснабжения Олимпиады в г. Сочи, саммита АТЭС в г. Владивосток, ВСТО и др.).
A94: 5. Проекты сметной стоимостью свыше 3 млрд. руб. (в текущих ценах с НДС)
A95: 6. Объекты, предусмотренные Генеральной схемой размещения объектов электроэнергетики до 2020 года.
... A98: Руководитель организации
B99: (подпись) (Ф.И.О.)
B100: Печать

Sheet приложение 11.1
N1: Приложение № 11.1
N2: к приказу Минэнерго России
N3: от «___»________2010 г. №____
A5: Отчет об исполнении сетевых графиков строительства проектов (представляется ежеквартально)
N7: Утверждаю
N8: руководитель организации
N10: (подпись)
N11: «___»________ 20__ года
N12: М.П.
A13: Отчетный период ____________
A15: по состоянию на ____ 20_____ г.
A16: № пункта укрупненного сетевого графика | B16: Наименование этапов основных работ (с учетом подготовительного периода до начала строительства) по общему сетевому графику * | C16: Сроки выполнения задач по укрупненному сетевому графику | G16: Процент исполнения работ за весь период (%) | H16: Процент выполнения за отчетный период (%) | I16: Причины невыполнения | J16: Предложения по корректирующим мероприятиям по устранению отставания
C17: План | E17: Факт
C18: начало | D18: окончание | E18: начало | F18: окончание
A21: 1 | B21: 2 | C21: 3 | D21: 4 | E21: 5 | F21: 6 | G21: 8 | H21: 9 | I21: 10 | J21: 11
A22: I.
A23: II.
A28: * Заполняется согласно приложению 3.2.

Sheet приложение 11.2
C2: Приложение № 11.2
C3: к приказу Минэнерго России
C4: от «___»________2010 г. №____
A6: I. Контрольные этапы реализации инвестиционного проекта для генерирующих компаний (представляется ежеквартально)
C8: Утверждаю
C9: руководитель организации
C11: (подпись)
C12: «___»________ 20__ года
C13: М.П.
A16: № п/п п/п | B16: Наименование | C16: Тип
A17: 1. | B17: Предпроектный этап
A18: 1.1. | B18: Выбор площадки строительства | C18: событие
A19: 1.2. | B19: Проведение инженерных изысканий на выбранной площадке строительства | C19: работа
A20: 2. | B20: Проектный этап
A21: 2.1. | B21: Заключение договора на разработку ТЭО | C21: событие
A22: 2.2. | B22: Заключение договора на разработку рабочего проекта | C22: работа
A23: 2.3. | B23: Разработка и утверждение ТЭО | C23: событие
A24: 2.4. | B24: Разработка рабочего проекта | C24: работа
A25: 2.5. | B25: Получение положительного заключения государственной экспертизы на ТЭО | C25: событие
A26: 2.6. | B26: Получение разрешения на строительство | C26: событие
A27: 3 | B27: Организационный этап
A28: 3.1. | B28: Заключение договора с генеральным подрядчиком (EPC, EPCM) или договоров с основными подрядчиками | C28: событие
A29: 3.2. | B29: Получение правоустанавливающих документов на земельный участк под строительство | C29: событие
A30: 3.3. | B30: Заключение договоров на поставщику основного оборудования | C30: событие
A31: 3.3.1. | B31: График поставки основного оборудования на объект | C31: событие
A32: 4 | B32: Строительные работы
A33: 4.1. | B33: Подготовка площадки строительства | C33: работа
A34: 4.2. | B34: Строительство основных сооружений (главного корпуса, гидротехнических сооружений, объектов топливного хозяйства, технического водоснабжения и др.) | C34: работа
A35: 4.3. | B35: Сдача основных сооружений под монтаж оборудования | C35: событие
A36: 4.4. | B36: Монтаж и ввод в работу грузоподъёмных механизмов для монтажа основного оборудования | C36: событие
A37: 4.5. | B37: Монтаж основного оборудования и трубопроводов | C37: работа
A38: 4.6. | B38: Монтаж электротехнического оборудования и КиП | C38: работа
A39: 5 | B39: Реализация схемы выдачи мощности (в объеме обязательств ГК)
A40: 5.1. | B40: Заявка в сетевую компанию на технологическое присоединение | C40: событие
A41: 5.2. | B41: Заключение договора с сетевой компанией на ТП. Получение и соглаование ТУ и ТП | C41: событие
A42: 5.3. | B42: Разработка и согласование предпроектной внестадийной работы "Схема выдачи мощности" | C42: работа
A43: 5.4. | B43: Заключение договора на реалиацию схемы выдачи мощности с согласованием графика строительства | C43: событие
A44: 5.5. | B44: Разработка рабочей документацией сетевого строительства ГК (если таковое требуется для реализации СВМ) | C44: работа
A45: 5.6. | B45: Реализация сетевого строительства ГК (если таковое требуется для реализации СВМ) | C45: работа
A47: 6 | B47: Испытания и ввод в эксплуатацию
A48: 6.1. | B48: Индивидуальные испытания оборудования и функциональные испытания отдельных систем. | C48: работа
A49: 6.2. | B49: Комплексное опробование оборудования | C49: работа
A50: 6.3. | B50: Готовность оборудования (ОРУ, ЗРУ) для технологического присоединения к электрическим сетям | C50: событие
A51: 6.4. | B51: Ввод объекта в эксплуатацию (получение разрешения на ввод объекта в эксплуатацию и подписание акта приемочной комиссии о приемке в эксплуатацию законченного строительством объекта). | C51: событие
A54: II. Контрольные этапы реализации инвестиционного проекта для сетевых компаний
A56: № п/п | B56: Наименование | C56: Тип
A57: 1 | B57: Предпроектный и проектный этап
A58: 1.1. | B58: Получение заявки на ТП | C58: событие
A59: 1.2. | B59: Разработка и выдача ТУ на ТП | C59: событие
A60: 1.3. | B60: Заключение договора на разработку проетной документации | C60: событие
A61: 1.4. | B61: Получение положительного заключения государственной экспертизы на проектную документацию | C61: событие
A62: 1.5. | B62: Утверждение проектной документации | C62: событие
A63: 1.6. | B63: Разработка рабочей документации | C63: работа
A64: 2 | B64: Организационный этап
A65: 2.1. | B65: Заключение договора подряда (допсоглашения к договору) | C65: событие
A66: 2.2. | B66: Получение правоустанавливающих документов для выделения земельного участка под строительство | C66: событие
A67: 2.3. | B67: Получение разрешительной документации для реализации СВМ | C67: событие
A68: 3 | B68: Сетевое строительство (реконструкция) и пусконаладочные работы | C68: я
A69: 3.1. | B69: Подготовка площадки строительства для подстанций, трассы – для ЛЭП | C69: работа
A70: 3.2. | B70: Поставка основного оборудования | C70: событие
A71: 3.3. | B71: Монтаж основного оборудования | C71: работа
A72: 3.4. | B72: Пусконаладочные работы | C72: работа
A73: 3.5. | B73: Завершение строительства | C73: событие
A74: 4 | B74: Испытания и ввод в эксплуатацию
A75: 4.1. | B75: Комплексное опробование оборудования | C75: работа
A76: 4.2. | B76: Оформление (подписание) актов об осуществлении технологического присоединения к электрическим сетям | C76: событие
A77: 4.3. | B77: Получение разрешения на ввод объекта в эксплуатацию. | C77: событие
A78: 4.4. | B78: Ввод в эксплуатацию объекта сетевого строительства | C78: событие

Sheet приложение 12
C1: Приложение № 12
C2: к приказу Минэнерго России
C3: от «___»________2010 г. №____
A5: Форма представления показателей финансовой отчетности по МУП Грязовецкая ЭТС (представляется ежеквартально)
A7: Финансовые показатели за отчетный период [ 1 квартал 2015 года/ ______ год]
C9: Утверждаю
C10: руководитель организации
C11: ____________________С.Г.Шалашов
C13: «23» апреля 2015 года
C14: М.П.
A16: Наименование показателя
A17: Метод учета | B17: На конец отчетного квартала/За отчетный квартал | C17: На конец 2009 года / За 2009 год
A18: 1 | B18: 2 | C18: 3
A19: Выручка
A20: Чистая прибыль
A21: Направления распределения чистой прибыли:
A22: дивиденды
A23: другое (расшифровать)
A24: EBITDA
A25: Дебиторская задолженность, в т.ч.:
A26: покупатели и заказчики
A27: авансы выданные
A28: Собственный капитал
A29: * Заемный капитал (долгосрочные обязательства), в т.ч.:
A30: кредиты
... A52: * по кредитам и займам необходимо указать сумму открытых кредитных линий и сумму реально выбранных средств

Sheet приложение 13 (квартал)
K2: Приложение № 13
K3: к приказу Минэнерго России
K4: от «___»________2010 г. №____
A6: Отчет о техническом состоянии объекта по МУП Грязовецкая ЭТС за 3-й квартал 2017 г (представляется ежеквартально)
K8: Утверждаю
K9: Директор МУП Грязовецкие Электросети
K10: ________________В.В.Перунов
K11: (подпись)
K12: «5» октября 2017 года
K13: М.П.
A15: № п/п | B15: Наименование направления/ проекта инвестиционной программы | C15: Технические характеристики | F15: Сроки реализации проекта | H15: Наличие исходно-разрешительной документации
C16: мощность, МВт, МВА | D16: выработка, млн.кВт/ч | E16: длина ВЛ, км | F16: Год начала строительства | G16: Год ввода в эксплуатацию | H16: Утвержденная проектно-сметная документация (+;-) | I16: Заключение Главгос экспертизы России (+;-) | J16: Оформленный в соответствии с законо дательством землеотвод (+;-) | K16: Разрешение на строи тельство (+;-)
A18: 1 | B18: Замена перехода через дорогу ул.Ленина ВЛ - 10 кВ ф.Онега | E18: 0.07 | F18: 2017 | G18: 2017 | H18: смета имеется
A19: 2 | B19: Замена ВЛ - 0,4 кВ с ТП- 35 выход "Дома МКСО" | E19: 0.26 | F19: 2017 | G19: 2017 | H19: смета имеется
A20: 3 | B20: Монтаж ВЛИ - 0,4 кВ к ж.д. пер.Дальний с КТП -12 по договору на ТП № 15 | E20: 0.04 | F20: 2017 | G20: 2017 | H20: смета имеется
A21: 4 | B21: Монтаж ВЛИ - 0,4 кВ к ж.д.по ул.Маяковского по договору на ТП №26 | E21: 0.085 | F21: 2017 | G21: 2017 | H21: смета имеется
A22: 5 | B22: Монтаж ВЛИ - 0,4 кВ к ж.д.по ул.Самарина 57а по договору на ТП №13 | E22: 0.043 | F22: 2017 | G22: 2017 | H22: смета имеется
A23: 6 | B23: Монтаж ВЛИ 0,4 кВ с ТП 48 на ТП 23 (участок линии) | E23: 0.18 | F23: 2017 | G23: 2017 | H23: смета имеется
A24: 7 | B24: Монтаж ВЛИ - 0,4 кВ с КТП - 56 к дачному уч-ку с/т "Солнечный" по договору на ТП № 23 | E24: 0.4 | F24: 2017 | G24: 2017 | H24: смета имеется

Sheet приложение 14
I1: Приложение № 14
I2: к приказу Минэнерго России
I3: от «___»________2010 г. №____
A5: График реализации инвестиционной программы *, млн. рублей с НДС (представляется ежегодно до 15 декабря года, предшествующего плановому)
I7: Утверждаю
I8: руководитель организации
I10: (подпись)
I11: «___»________ 20__ года
I12: М.П.
A14: Перечень инвестиционных проектов инвестиционной программы и план их финансирования
A16: №№ | B16: Наименование объекта | C16: Остаток стоимости на начало года * | D16: Объем финансирования [отчетный год] | I16: Осталось профинансировать по результатам отчетного периода *
D17: всего, год N | E17: 1 кв | F17: 2 кв | G17: 3 кв | H17: 4 кв
D18: план** | E18: план | F18: план | G18: план | H18: план
B19: ВСЕГО,
A20: 1. | B20: Техническое перевооружение и реконструкция
A21: 1.1. | B21: Энергосбережение и повышение энергетической эффективности
A22: 1 | B22: Объект 1
A23: 2 | B23: Объект 2
A24: …
A25: 1.2. | B25: Создание систем противоаварийной и режимной автоматики
A26: 1 | B26: Объект 1
A27: 2 | B27: Объект 2
A28: …
A29: 1.3. | B29: Создание систем телемеханики и связи
A30: 1 | B30: Объект 1
A31: 2 | B31: Объект 2
A32: …
A33: 1.4. | B33: Установка устройств регулирования напряжения и компенсации реактивной мощности
A34: 1 | B34: Объект 1
A35: 2 | B35: Объект 2
A36: …
A37: 2. | B37: Новое строительство
A38: 2.1. | B38: Энергосбережение и повышение энергетической эффективности
A39: 1 | B39: Объект 1
A40: 2 | B40: Объект 2
A41: …
A42: 2.2. | B42: Прочее новое строительство
A43: 1 | B43: Объект 1
B44: в том числе ПТП
A45: 2 | B45: Объект 2
B46: в том числе ПТП
A47: …
A48: Справочно:
B49: Оплата процентов за привлеченные кредитные ресурсы
A50: 1 | B50: Объект 1
A51: 2 | B51: Объект 2
A52: …
A54: * - в ценах отчетного года
A55: ** - план, согласно утвержденной инвестиционной программе
A64: Источники финансирования инвестиционной программы на год N, млн. рублей
A66: №№ | B66: Источник финансирования | C66: Объем финансирования [отчетный год] | H66: Причины отклонений
C67: всего | D67: 1 кв | E67: 2 кв | F67: 3 кв | G67: 4 кв
C68: план* | D68: план | E68: план | F68: план | G68: план
A69: 1 | B69: Собственные средства
A70: 1.1. | B70: Прибыль, направляемая на инвестиции:
A71: 1.1.1. | B71: в том числе инвестиционная составляющая в тарифе
A72: 1.1.2. | B72: в том числе прибыль со свободного сектора
A73: 1.1.3. | B73: в том числе от технологического присоединения (для электросетевых компаний)
A74: 1.1.3.1. | B74: в том числе от технологического присоединения генерации
A75: 1.1.3.2. | B75: в том числе от технологического присоединения потребителей
A76: 1.2. | B76: Амортизация
A77: 1.3. | B77: Возврат НДС
A78: 1.4. | B78: Прочие собственные средства
A79: 1.4.1. | B79: в т.ч. Средства от доп. эмиссии акций
A80: 2. | B80: Привлеченные средства, в т.ч.:
A81: 2.1. | B81: Кредиты
... A86: 2.6. | B86: Прочие привлеченные средства
A88: * план в соответствии с утвержденной инвестиционной программой
A90: План ввода/вывода объектов в году N, млн. рублей
A92: № п/п | B92: Наименование проекта | C92: Ввод мощностей | H92: Вывод мощностей
C93: план* | H93: план*
C94: МВт, Гкал/час, км, МВА | H94: МВт, Гкал/час, км, МВА
C95: 1 кв. года N | D95: 2 кв. года N | E95: 3 кв. года N | F95: 4 кв. года N | G95: год N | H95: 1 кв. года N | I95: 2 кв. года N | J95: 3 кв. года N | K95: 4 кв. года N | L95: год N
A96: 1 | B96: 2 | C96: 3 | D96: 4 | E96: 5 | F96: 6 | G96: 7 | H96: 8 | I96: 9 | J96: 10 | K96: 11 | L96: 12
A99: * план в соответствии с утвержденной инвестиционной программой
